Workbook
Name _1Excel_BuiltIn_Print_Area_1_1_1: 'Прил 3'!$A$1:$C$36
Name _2Excel_BuiltIn_Print_Area_7_1_1: #REF!
Name _2Excel_BuiltIn_Print_Area_7_1_1: #REF!
Name _Toc105952698: 'Прил 4 '!$A$3
Name _Toc105952698: #REF!
Name Excel_BuiltIn_Print_Area_1: 'Прил 3'!$A$1:$C$36
Name Excel_BuiltIn_Print_Area_1_1: 'Прил 3'!$A$1:$C$36
Name Excel_BuiltIn_Print_Area_2: #REF!
Name Excel_BuiltIn_Print_Area_2: #REF!
Name Excel_BuiltIn_Print_Area_3: 'Прил 1'!$A$1:$C$36
Name Excel_BuiltIn_Print_Area_3_1: #REF!
Name Excel_BuiltIn_Print_Area_3_1: #REF!
Name Excel_BuiltIn_Print_Area_4: #REF!
Name Excel_BuiltIn_Print_Area_4: #REF!
Name Excel_BuiltIn_Print_Area_5: 'Прил 4 '!$A$1:$I$56
Name Excel_BuiltIn_Print_Area_5: #REF!
Name Excel_BuiltIn_Print_Area_5_1: 'Прил 4 '!$A$1:$I$56
Name Excel_BuiltIn_Print_Area_5_1: #REF!
Name Excel_BuiltIn_Print_Area_6: 'Прил 5'!$A$1:$G$50
Name Excel_BuiltIn_Print_Area_6_1: 'Прил 5'!$A$1:$G$50
Name Excel_BuiltIn_Print_Area_7: #REF!
Name Excel_BuiltIn_Print_Area_7: #REF!
Name Excel_BuiltIn_Print_Area_7_1: #REF!
Name Excel_BuiltIn_Print_Area_7_1: #REF!

Sheet Прил 1
C1: Приложение 1
C2: к решению сессии Совета депутатов Адашевского сельского поселения "О бюджете Адашевского сельского поселения Кадошкинского муниципального района Республики Мордовия на 2021 год и на плановый период 2022 и 2023 годов"
A4: ПЕРЕЧЕНЬ АДМИНИСТРАТОРОВ ДОХОДОВ БЮДЖЕТА АДАШЕВСКОГО СЕЛЬСКОГО ПОСЕЛЕНИЯ КАДОШКИНСКОГО МУНИЦИПАЛЬНОГО РАЙОНА РЕСПУБЛИКИ МОРДОВИЯ
A6: Код бюджетной классификации Российской Федерации | C6: Наименование доходов бюджета
A7: админи- стратора доходов | B7: доходов бюджета
A8: 1 | B8: 2 | C8: 3
A10: 910 | B10: Администрация Адашевского сельского поселения Кадошкинского муниципального района Республики Мордовия
A12: 910 | B12: 1 08 04020 01 1000 110 | C12: Государственная пошлина за совершение нотариальных действий должностными лицами органов местного самоуправления, уполномоченными в соответствии с законодательными актами Российской Федерации на совершение нотариальных действий
A13: 910 | B13: 1 08 04020 01 4000 110 | C13: Государственная пошлина за совершение нотариальных действий должностными лицами органов местного самоуправления, уполномоченными в соответствии с законодательными актами Российской Федерации на совершение нотариальных действий (прочие поступления)
A14: 910 | B14: 1 11 02033 10 0000 120 | C14: Доходы от размещения временно свободных средств бюджетов сельских поселений
A15: 910 | B15: 1 11 05025 10 0000 120 | C15: Доходы, получаемые в виде арендной платы, а также средства от продажи права на заключение договоров аренды за земли, находящиеся в собственности сельских поселений (за исключением земельных участков муниципальных бюджетных и автономных учреждений)
A16: 910 | B16: 1 11 05035 10 0000 120 | C16: Доходы от сдачи в аренду имущества, находящегося в оперативном управлении органов управления сельских поселений и созданных ими учреждений (за исключением имущества муниципальных бюджетных и автономных учреждений)
A17: 910 | B17: 1 11 09045 10 0000 120 | C17: Прочие поступления от использования имущества, находящегося в собственности сельских поселений (за исключением имущества муниципальных бюджетных и автономных учреждений, а также имущества муниципальных унитарных предприятий, в том числе казенных)
A18: 910 | B18: 1 13 01995 10 0000 130 | C18: Прочие доходы от оказания платных услуг (работ) получателями средств бюджетов сельских поселений
A19: 910 | B19: 1 13 02995 10 0000 130 | C19: Прочие доходы от компенсации затрат бюджетов сельских поселений
A20: 910 | B20: 1 14 02052 10 0000 410 | C20: Доходы от реализации имущества, находящегося в оперативном управлении учреждений, находящихся в ведении органов управления сельских поселений (за исключением имущества муниципальных бюджетных и автономных учреждений), в части реализации основных средств по указанному имуществу
A21: 910 | B21: 1 14 02052 10 0000 440 | C21: Доходы от реализации имущества, находящегося в оперативном управлении учреждений, находящихся в ведении органов управления сельских поселений (за исключением имущества муниципальных бюджетных и автономных учреждений), в части реализации материальных запасов по указанному имуществу
A22: 910 | B22: 1 14 02053 10 0000 410 | C22: Доходы от реализации иного имущества, находящегося в собственности сельских поселений (за исключением имущества муниципальных бюджетных и автономных учреждений, а также имущества муниципальных унитарных предприятий, в том числе казенных), в части реализации основных средств по указанному имуществу
A23: 910 | B23: 1 14 02053 10 0000 440 | C23: Доходы от реализации иного имущества, находящегося в собственности сельских поселений (за исключением имущества муниципальных бюджетных и автономных учреждений, а также имущества муниципальных унитарных предприятий, в том числе казенных), в части реализации материальных запасов по указанному имуществу
... A41: 910 | B41: 2 08 05000 10 0000 150 | C41: Перечисления из бюджетов сельских поселений (в бюджеты поселений) для осуществления возврата (зачета) излишне уплаченных или излишне взысканных сумм налогов, сборов и иных платежей, а также сумм процентов за несвоевременное осуществление такого возврата и процентов, начисленных на излишне взысканные суммы

Sheet Прил 2
C1: Приложение 2
C2: к решению сессии Совета депутатов Адашевского сельского поселения "О бюджете Адашевского сельского поселения Кадошкинского муниципального района Республики Мордовия на 2021 год и на плановый период 2022 и 2023 годов"
A3: ПЕРЕЧЕНЬ ГЛАВНЫХ АДМИНИСТРАТОРОВ ИСТОЧНИКОВ ФИНАНСИРОВАНИЯ ДЕФИЦИТА БЮДЖЕТА АДАШЕВСКОГО СЕЛЬСКОГО ПОСЕЛЕНИЯ КАДОШКИНСКОГО МУНИЦИПАЛЬНОГО РАЙОНА РЕСПУБЛИКИ МОРДОВИЯ
A6: Код бюджетной классификации Российской Федерации | C6: Наименование главного администратора источника финансирования бюджета
A7: админи- стратора | B7: источников внутреннего финансирования дефицита бюджета
A8: 1 | B8: 2 | C8: 3
A9: 910 | C9: Администрация Адашевского сельского поселения Кадошкинского муниципального района
A10: 910 | B10: 01 02 00 00 10 0000 710 | C10: Получение кредитов от других бюджетов бюджетной системы Российской Федерации бюджетами сельских поселений в валюте Российской Федерации
A11: 910 | B11: 01 03 01 00 10 0000 810 | C11: Погашение бюджетами сельских поселений кредитов от других бюджетов бюджетной системы Российской Федерации в валюте Российской Федерации

Sheet Прил 3
D1: Приложение 3
C2: к решению сессии Совета депутатов Адашевского сельского поселения "О бюджете Адашевского сельского поселения Кадошкинского муниципального района Республики Мордовия на 2021 год и на плановый период 2022 и 2023 годов"
A3: ДОХОДЫ БЮДЖЕТА АДАШЕВСКОГО СЕЛЬСКОГО ПОСЕЛЕНИЯ КАДОШКИНСКОГО МУНИЦИПАЛЬНОГО РАЙОНА РЕСПУБЛИКИ МОРДОВИЯ
C5: (тыс.рублей)
A6: Код бюджетной классификации доходов бюджета | B6: Наименование доходов | C6: Сумма
C7: 2021 год | D7: 2022 год | E7: 2023 год
A8: 1 | B8: 2 | C8: 3 | D8: 4 | E8: 5
B9: ВСЕГО ДОХОДОВ | C9: =SUM(C10+C26) -> 1292.877 | D9: =SUM(D10+D26) -> 849.2 | E9: =SUM(E10+E26) -> 869.1
A10: 00010000000000000000 | B10: НАЛОГОВЫЕ И НЕНАЛОГОВЫЕ ДОХОДЫ | C10: =SUM(C11+C14+C16+C18+C21+C24) -> 477.7 | D10: =SUM(D11+D14+D16+D18+D21+D24) -> 463.6 | E10: =SUM(E11+E14+E16+E18+E21+E24) -> 457.9
A11: 00010100000000000000 | B11: НАЛОГИ НА ПРИБЫЛЬ, ДОХОДЫ | C11: =SUM(C12) -> 23.5 | D11: =SUM(D12) -> 24.4 | E11: =SUM(E12) -> 25.4
A12: 00010102000010000110 | B12: Налог на доходы физических лиц | C12: =SUM(C13) -> 23.5 | D12: =SUM(D13) -> 24.4 | E12: =SUM(E13) -> 25.4
A13: 18210102010010000110 | B13: Налог на доходы физических лиц с доходов, источником которых является налоговый агент, за исключением доходов, в отношении которых исчисление и уплата налога осуществляются в соответствии со статьями 227, 2271 и 228 Налогового кодекса Российской Федерации | C13: 23.5 | D13: 24.4 | E13: 25.4
A14: 00010500000000000000 | B14: НАЛОГИ НА СОВОКУПНЫЙ ДОХОД | C14: =SUM(C15) -> 67.1 | D14: =SUM(D15) -> 69.2 | E14: =SUM(E15) -> 78.6
A15: 18210503010010000110 | B15: Единый сельскохозяйственный налог | C15: 67.1 | D15: 69.2 | E15: 78.6
A16: 00010600000000000000 | B16: НАЛОГИ НА ИМУЩЕСТВО | C16: =SUM(C17) -> 42 | D16: =SUM(D17) -> 37 | E16: =SUM(E17) -> 33
A17: 18210601030100000110 | B17: Налог на имущество физических лиц, взимаемый по ставкам, применяемым к объектам налогообложения, расположенным в границах сельских поселений | C17: 42 | D17: 37 | E17: 33
A18: 00010606000000000110 | B18: Земельный налог | C18: =SUM(C19+C20) -> 298 | D18: =SUM(D19+D20) -> 284 | E18: =SUM(E19+E20) -> 270
A19: 18210606033100000110 | B19: Земельный налог с организаций, обладающих земельным участком, расположенным в границах сельских поселений | C19: 88 | D19: 84 | E19: 70
A20: 18210606043100000110 | B20: Земельный налог с физических лиц, обладающих земельным участком, расположенным в границах сельских поселений | C20: 210 | D20: 200 | E20: 200
A21: 00011100000000000000 | B21: ДОХОДЫ ОТ ИСПОЛЬЗОВАНИЯ ИМУЩЕСТВА, НАХОДЯЩЕГОСЯ В ГОСУДАРСТВЕННОЙ И МУНИЦИПАЛЬНОЙ СОБСТВЕННОСТИ | C21: =C22+C23 -> 47.1 | D21: =D22+D23 -> 49 | E21: =E22+E23 -> 50.9
A22: 91011105025100000120 | B22: Доходы, получаемые в виде арендной платы, а также средства от продажи права на заключение договоров аренды за земли, находящиеся в собственности сельских поселений (за исключением земельных участков муниципальных бюджетных и автономных учреждений) | C22: 17.2 | D22: 17.9 | E22: 18.6
A23: 91011105035100000120 | B23: Доходы от сдачи в аренду имущества, находящегося в оперативном управлении органов управления поселений и созданных ими учреждений (за исключением имущества муниципальных бюджетных и автономных учреждений) | C23: 29.9 | D23: 31.1 | E23: 32.3
A24: 00011400000000000000 | B24: ДОХОДЫ ОТ ПРОДАЖИ МАТЕРИАЛЬНЫХ И НЕМАТЕРИАЛЬНЫХ АКТИВОВ | C24: =SUM(C25) -> 0 | D24: =SUM(D25) -> 0 | E24: =SUM(E25) -> 0
A25: 91011406025100000430 | B25: Доходы от продажи земельных участков, находящихся в собственности сельских поселений (за исключением земельных участков муниципальных бюджетных и автономных учреждений) | C25: 0 | D25: 0 | E25: 0
A26: 00020200000000000000 | B26: БЕЗВОЗМЕЗДНЫЕ ПОСТУПЛЕНИЯ ОТ ДРУГИХ БЮДЖЕТОВ БЮДЖЕТНОЙ СИСТЕМЫ РОССИЙСКОЙ ФЕДЕРАЦИИ | C26: =SUM(C32+C35+C27+C30) -> 815.177 | D26: =SUM(D32+D35+D27+D30) -> 385.6 | E26: =SUM(E32+E35+E27+E30) -> 411.2
A27: 00020210000000000150 | B27: Дотации бюджетам бюджетной системы Российской Федерации | C27: =C28+C29 -> 274.6 | D27: =D28+D29 -> 25.1 | E27: =E28+E29 -> 39.8
A28: 91020215001100000150 | B28: Дотации бюджетам сельских поселений на выравнивание бюджетной обеспеченности | C28: 55.1 | D28: 25.1 | E28: 39.8
A29: 91020215002100000150 | B29: Дотации бюджетам сельских поселений на поддержку мер по обеспечению сбалансированности бюджетов | C29: 219.5 | D29: 0 | E29: 0
A30: 00020220000000000150 | B30: Субсидии бюджетам бюджетной системы Российской Федерации (межбюджетные субсидии) | C30: =C31 -> 164.6 | D30: =D31 -> 0 | E30: =E31 -> 0
A31: 91020229999100000150 | B31: Прочие субсидии бюджетам сельских поселений | C31: 164.6 | D31: 0 | E31: 0
A32: 00020230000000000150 | B32: Субвенции бюджетам бюджетной системы Российской Федерации | C32: =SUM(C33+C34) -> 86.9 | D32: =SUM(D33+D34) -> 87.5 | E32: =SUM(E33+E34) -> 90.2
A33: 91020230024100000150 | B33: Субвенции на осуществление государственных полномочий Республики Мордовия по определению перечня должностных лиц, уполномоченных составлять протоколы об административных правонарушениях, предусмотренных Законом Республики Мордовия от 15 июня 2015 года № 38-З "Об административной ответственности на территории Республики Мордовия" | C33: 0.1 | D33: 0.1 | E33: 0.1
A34: 91020235118100000150 | B34: Субвенции бюджетам сельских поселений на осуществление первичного воинского учета на территориях, где отсутствуют военные комиссариаты | C34: 86.8 | D34: 87.4 | E34: 90.1
A35: 00020240000000000150 | B35: Иные межбюджетные трансферты | C35: =SUM(C36) -> 289.077 | D35: =SUM(D36) -> 273 | E35: =SUM(E36) -> 281.2
A36: 91020240014100000150 | B36: Межбюджетные трансферты, передаваемые бюджетам сельских поселений из бюджетов муниципальных районов на осуществление части полномочий по решению вопросов местного значения в соответствии с заключенными соглашениями | C36: =255.6+0.4+33.077 -> 289.077 | D36: =272.6+0.4 -> 273 | E36: =280.8+0.4 -> 281.2

Sheet Прил 4 
I1: Приложение 4
I2: к решению сессии Совета депутатов Адашевского сельского поселения "О бюджете Адашевского сельского поселения Кадошкинского муниципального района Республики Мордовия на 2021 год и на плановый период 2022 и 2023 годов"
A3: РАСПРЕДЕЛЕНИЕ БЮДЖЕТНЫХ АССИГНОВАНИЙ БЮДЖЕТА АДАШЕВСКОГО СЕЛЬСКОГО ПОСЕЛЕНИЯ КАДОШКИНСКОГО МУНИЦИПАЛЬНОГО РАЙОНА РЕСПУБЛИКИ МОРДОВИЯ ПО РАЗДЕЛАМ, ПОДРАЗДЕЛАМ, ЦЕЛЕВЫМ СТАТЬЯМ, ГРУППАМ (ГРУППАМ И ПОДГРУППАМ) ВИДОВ РАСХОДОВ КЛАССИФИКАЦИИ РАСХОДОВ БЮДЖЕТОВ НА 2021 ГОД И НА ПЛАНОВЫЙ ПЕРИОД 2022 И 2023 ГОДОВ
A5: Наименование | B5: Рз | C5: ПР | D5: ЦСР | H5: ВР | I5: Сумма (тыс. рублей)
I6: 2021 год | J6: 2022 год | K6: 2023 год
A7: 1 | B7: 2 | C7: 3 | D7: 4 | E7: 5 | F7: 6 | G7: 7 | H7: 8 | I7: 9 | J7: 10 | K7: 11
A8: ВСЕГО | I8: =I9+I63+I79+I86+I100+I107+I72 -> 1372.877 | J8: =J9+J63+J79+J86+J100+J107+J119 -> 849.2 | K8: =K9+K63+K79+K86+K100+K107+K119 -> 869.05
A9: Общегосударственные вопросы | B9: 01 | I9: =I10+I19+I44+I38 -> 812.5 | J9: =J10+J19+J44+J38 -> 401.8 | K9: =K10+K19+K44+K38 -> 407.85
A10: Функционирование высшего должностного лица субъекта Российской Федерации и муниципального образования | B10: 01 | C10: 02 | I10: =I11 -> 353.4 | J10: =J11 -> 123.8 | K10: =K11 -> 123.5
A11: Обеспечение деятельности администрации | B11: 01 | C11: 02 | D11: 65 | I11: =I12 -> 353.4 | J11: =J12 -> 123.8 | K11: =K12 -> 123.5
A12: Высшее должностное лицо | B12: 01 | C12: 02 | D12: 65 | E12: 1 | I12: =I13+I16 -> 353.4 | J12: =J13+J16 -> 123.8 | K12: =K13+K16 -> 123.5
A13: Расходы на выплаты по оплате труда высшего должностного лица | B13: 01 | C13: 02 | D13: 65 | E13: 1 | F13: 00 | G13: 41150 | I13: =I14 -> 281.7 | J13: =J14 -> 123.8 | K13: =K14 -> 123.5
A14: Расходы на выплаты персоналу в целях обеспечения выполнения функций государственными (муниципальными) органами, казенными учреждениями, органами управления государственными внебюджетными фондами | B14: 01 | C14: 02 | D14: 65 | E14: 1 | F14: 00 | G14: 41150 | H14: 100 | I14: =I15 -> 281.7 | J14: =J15 -> 123.8 | K14: =K15 -> 123.5
A15: Расходы на выплаты персоналу государственных (муниципальных) органов | B15: 01 | C15: 02 | D15: 65 | E15: 1 | F15: 00 | G15: 41150 | H15: 120 | I15: ='Прил 5'!J16 -> 281.7 | J15: ='Прил 5'!K16 -> 123.8 | K15: ='Прил 5'!L16 -> 123.5
A16: Субсидии на софинансирование расходных обязательств по финансовому обеспечению деятельности органов местного самоуправления и муниципальных учреждений | B16: 01 | C16: 02 | D16: 65 | E16: 1 | F16: 00 | G16: 44205 | I16: =I17 -> 71.7 | J16: =J17 -> 0 | K16: =K17 -> 0
A17: Расходы на выплаты персоналу в целях обеспечения выполнения функций государственными (муниципальными) органами, казенными учреждениями, органами управления государственными внебюджетными фондами | B17: 01 | C17: 02 | D17: 65 | E17: 1 | F17: 00 | G17: 44205 | H17: 100 | I17: =I18 -> 71.7 | J17: =J18 -> 0 | K17: =K18 -> 0
A18: Расходы на выплаты персоналу государственных (муниципальных) органов | B18: 01 | C18: 02 | D18: 65 | E18: 1 | F18: 00 | G18: 44205 | H18: 120 | I18: ='Прил 5'!J19 -> 71.7 | J18: ='Прил 5'!K19 -> 0 | K18: ='Прил 5'!L19 -> 0
A19: Функционирование Правительства Российской Федерации, высших органов исполнительной власти субъектов Российской Федерации, местных администраций | B19: 01 | C19: 04 | I19: =I20+I33 -> 455.1 | J19: =J20+J33 -> 277 | K19: =K20+K33 -> 283.35
A20: Обеспечение деятельности администрации | B20: 01 | C20: 04 | D20: 65 | I20: =I21 -> 455 | J20: =J21 -> 276.9 | K20: =K21 -> 283.25
A21: Непрограммные расходы в рамках обеспечения деятельности администрации | B21: 01 | C21: 04 | D21: 65 | E21: 2 | I21: =I22+I30+I25 -> 455 | J21: =J22+J30+J25 -> 276.9 | K21: =K22+K30+K25 -> 283.25
A22: Расходы на выплаты по оплате труда работников органов местного самоуправления | B22: 01 | C22: 04 | D22: 65 | E22: 2 | F22: 00 | G22: 41110 | I22: =I23 -> 233.5 | J22: =J23 -> 192.4 | K22: =K23 -> 190.15
A23: Расходы на выплаты персоналу в целях обеспечения выполнения функций государственными (муниципальными) органами, казенными учреждениями, органами управления государственными внебюджетными фондами | B23: 01 | C23: 04 | D23: 65 | E23: 2 | F23: 00 | G23: 41110 | H23: 100 | I23: =I24 -> 233.5 | J23: =J24 -> 192.4 | K23: =K24 -> 190.15
A24: Расходы на выплаты персоналу государственных (муниципальных) органов | B24: 01 | C24: 04 | D24: 65 | E24: 2 | F24: 00 | G24: 41110 | H24: 120 | I24: ='Прил 5'!J25 -> 233.5 | J24: ='Прил 5'!K25 -> 192.4 | K24: ='Прил 5'!L25 -> 190.15
A25: Расходы на обеспечение функций органов местного самоуправления | B25: 01 | C25: 04 | D25: 65 | E25: 2 | F25: 00 | G25: 41120 | I25: =I28+I26 -> 128.6 | J25: =J28+J26 -> 84.5 | K25: =K28+K26 -> 93.1
A26: Закупка товаров, работ и услуг для обеспечения государственных (муниципальных) нужд | B26: 01 | C26: 04 | D26: 65 | E26: 2 | F26: 00 | G26: 41120 | H26: 200 | I26: =I27 -> 101 | J26: =J27 -> 62.1 | K26: =K27 -> 70.7
A27: Иные закупки товаров, работ и услуг для обеспечения государственных (муниципальных) нужд | B27: 01 | C27: 04 | D27: 65 | E27: 2 | F27: 00 | G27: 41120 | H27: 240 | I27: ='Прил 5'!J28 -> 101 | J27: ='Прил 5'!K28 -> 62.1 | K27: ='Прил 5'!L28 -> 70.7
A28: Иные бюджетные ассигнования | B28: 01 | C28: 04 | D28: 65 | E28: 2 | F28: 00 | G28: 41120 | H28: 800 | I28: =I29 -> 27.6 | J28: =J29 -> 22.4 | K28: =K29 -> 22.4
A29: Уплата налогов, сборов и иных платежей | B29: 01 | C29: 04 | D29: 65 | E29: 2 | F29: 00 | G29: 41120 | H29: 850 | I29: ='Прил 5'!J30 -> 27.6 | J29: ='Прил 5'!K30 -> 22.4 | K29: ='Прил 5'!L30 -> 22.4
A30: Субсидии на софинансирование расходных обязательств по финансовому обеспечению деятельности органов местного самоуправления и муниципальных учреждений | B30: 01 | C30: 04 | D30: 65 | E30: 2 | F30: 00 | G30: 44205 | I30: =I31 -> 92.9 | J30: =J31 -> 0 | K30: =K31 -> 0
A31: Расходы на выплаты персоналу в целях обеспечения выполнения функций государственными (муниципальными) органами, казенными учреждениями, органами управления государственными внебюджетными фондами | B31: 01 | C31: 04 | D31: 65 | E31: 2 | F31: 00 | G31: 44205 | H31: 100 | I31: =I32 -> 92.9 | J31: =J32 -> 0 | K31: =K32 -> 0
A32: Расходы на выплаты персоналу государственных (муниципальных) органов | B32: 01 | C32: 04 | D32: 65 | E32: 2 | F32: 00 | G32: 44205 | H32: 120 | I32: ='Прил 5'!J33 -> 92.9 | J32: ='Прил 5'!K33 -> 0 | K32: ='Прил 5'!L33 -> 0
A33: Непрограммные расходы главных распорядителей средств бюджета Адашевского сельского поселения Кадошкинского муниципального района Республики Мордовия | B33: 01 | C33: 04 | D33: 89 | I33: =I34 -> 0.1 | J33: =J34 -> 0.1 | K33: =K34 -> 0.1
A34: Непрограммные расходы в рамках обеспечения деятельности главных распорядителей средств бюджета Адашевского сельского поселения Кадошкинского муниципального района Республики Мордовия | B34: 01 | C34: 04 | D34: 89 | E34: 1 | I34: =I35 -> 0.1 | J34: =J35 -> 0.1 | K34: =K35 -> 0.1
A35: Осуществление государственных полномочий Республики Мордовия по определению перечня должностных лиц, уполномоченных составлять протоколы об административных правонарушениях, предусмотренных Законом Республики Мордовия от 15 июня 2015 года № 38-З "Об административной ответственности на территории Республики Мордовия" | B35: 01 | C35: 04 | D35: 89 | E35: 1 | F35: 00 | G35: 77150 | I35: =I36 -> 0.1 | J35: =J36 -> 0.1 | K35: =K36 -> 0.1
A36: Закупка товаров, работ и услуг для обеспечения государственных (муниципальных) нужд | B36: 01 | C36: 04 | D36: 89 | E36: 1 | F36: 00 | G36: 77150 | H36: 200 | I36: =I37 -> 0.1 | J36: =J37 -> 0.1 | K36: =K37 -> 0.1
A37: Иные закупки товаров, работ и услуг для обеспечения государственных (муниципальных) нужд | B37: 01 | C37: 04 | D37: 89 | E37: 1 | F37: 00 | G37: 77150 | H37: 240 | I37: ='Прил 5'!J38 -> 0.1 | J37: ='Прил 5'!K38 -> 0.1 | K37: ='Прил 5'!L38 -> 0.1
A38: Обеспечение проведения выборов и референдумов | B38: 01 | C38: 07 | I38: =I39 -> 3 | J38: =J39 -> 0 | K38: =K39 -> 0
A39: Непрограммные расходы главных распорядителей средств бюджета Адашевского сельского поселения Кадошкинского муниципального района Республики Мордовия | B39: 01 | C39: 07 | I39: =I40 -> 3 | J39: =J40 -> 0 | K39: =K40 -> 0
A40: Непрограммные расходы в рамках обеспечения деятельности главных распорядителей средств бюджета Адашевского сельского поселения Кадошкинского муниципального района Республики Мордовия | B40: 01 | C40: 07 | D40: 89 | E40: 1 | I40: =I41 -> 3 | J40: =J41 -> 0 | K40: =K41 -> 0
A41: Проведение выборов депутатов Адашевского сельского поселения Кадошкинского муниципального района Республики Мордовия | B41: 01 | C41: 07 | D41: 89 | E41: 1 | F41: 00 | G41: 41130 | I41: =I42 -> 3 | J41: =J42 -> 0 | K41: =K42 -> 0
A42: Иные бюджетные ассигнования | B42: 01 | C42: 07 | D42: 89 | E42: 1 | F42: 00 | G42: 41130 | H42: 800 | I42: =I43 -> 3 | J42: =J43 -> 0 | K42: =K43 -> 0
A43: Специальные расходы | B43: 01 | C43: 07 | D43: 89 | E43: 1 | F43: 00 | G43: 41130 | H43: 880 | I43: ='Прил 5'!J44 -> 3 | J43: ='Прил 5'!K44 -> 0 | K43: ='Прил 5'!L44 -> 0
A44: Резервные фонды | B44: 01 | C44: 11 | I44: =I45 -> 1 | J44: =J45 -> 1 | K44: =K45 -> 1
A45: Непрограммные расходы главных распорядителей средств бюджета Адашевского сельского поселения Кадошкинского муниципального района Республики Мордовия | B45: 01 | C45: 11 | D45: 89 | I45: =I46 -> 1 | J45: =J46 -> 1 | K45: =K46 -> 1
A46: Непрограммные расходы в рамках обеспечения деятельности главных распорядителей средств бюджета Адашевского сельского поселения Кадошкинского муниципального района Республики Мордовия | B46: 01 | C46: 11 | D46: 89 | E46: 1 | I46: =I47 -> 1 | J46: =J47 -> 1 | K46: =K47 -> 1
A47: Резервный фонд администрации Адашевского сельского поселения Кадошкинского муниципального района Республики Мордовия | B47: 01 | C47: 11 | D47: 89 | E47: 1 | F47: 00 | G47: 41180 | I47: =I48 -> 1 | J47: =J48 -> 1 | K47: =K48 -> 1
A48: Иные бюджетные ассигнования | B48: 01 | C48: 11 | D48: 89 | E48: 1 | F48: 00 | G48: 41180 | H48: 800 | I48: =I49 -> 1 | J48: =J49 -> 1 | K48: =K49 -> 1
A49: Резервные средства | B49: 01 | C49: 11 | D49: 89 | E49: 1 | F49: 00 | G49: 41180 | H49: 870 | I49: ='Прил 5'!J50 -> 1 | J49: ='Прил 5'!K50 -> 1 | K49: ='Прил 5'!L50 -> 1
A50: Другие общегосударственные вопросы | B50: 01 | C50: 13
A51: Программа "Развитие муниципальной службы в Паевском сельском поселении на 2019-2022г.г." | B51: 01 | C51: 13 | D51: 01
A52: Подготовка, переподготовка и повышение квалификации кадров | B52: 01 | C52: 13 | D52: 01 | E52: 0 | F52: 00 | G52: 41250
A53: Прочая закупка товаров, работ и услуг | B53: 01 | C53: 13 | D53: 01 | E53: 0 | F53: 00 | G53: 41250 | H53: 244
A54: Противопожарная безопасность на территории Адашевского сельского поселения на 2019-2020г.г. | B54: 01 | C54: 13 | D54: 08
A55: Мероприятия по обеспечению пожарной безопасности | B55: 01 | C55: 13 | D55: 08 | E55: 0 | F55: 00 | G55: 42120
A56: Прочая закупка товаров, работ и услуг | B56: 01 | C56: 13 | D56: 08 | E56: 0 | F56: 00 | G56: 42120 | H56: 244
A57: Гармонизация межнациональных и межконфессиальных отношений в Паевском сельском поселении на 2016-2020г.г. | B57: 01 | C57: 13 | D57: 24
A58: Мероприятия, направленные на развитие межнациональных отношений | B58: 01 | C58: 13 | D58: 24 | E58: 0 | F58: 00 | G58: 42310
A59: Прочая закупка товаров, работ и услуг | B59: 01 | C59: 13 | D59: 24 | E59: 0 | F59: 00 | G59: 42310 | H59: 244
A60: Программа по противодействию терроризму и экстремизму на территории Адашевского сельского поселения на 2019-2020г.г. | B60: 01 | C60: 13 | D60: 31
A61: Мероприятия по укреплению общественного порядка и обеспечению общественной безопасности | B61: 01 | C61: 13 | D61: 31 | E61: 0 | F61: 00 | G61: 42300
A62: Прочая закупка товаров, работ и услуг | B62: 01 | C62: 13 | D62: 31 | E62: 0 | F62: 00 | G62: 42300 | H62: 244
A63: Национальная оборона | B63: 02 | I63: =I64 -> 86.8 | J63: =J64 -> 87.4 | K63: =K64 -> 90.1
A64: Мобилизационная и вневойсковая подготовка | B64: 02 | C64: 03 | I64: =I65 -> 86.8 | J64: =J65 -> 87.4 | K64: =K65 -> 90.1
A65: Непрограммные расходы главных распорядителей средств бюджета Адашевского сельского поселения Кадошкинского муниципального района Республики Мордовия | B65: 02 | C65: 03 | D65: 89 | I65: =I66 -> 86.8 | J65: =J66 -> 87.4 | K65: =K66 -> 90.1
A66: Непрограммные расходы в рамках обеспечения деятельности главных распорядителей средств бюджета Адашевского сельского поселения Кадошкинского муниципального района Республики Мордовия | B66: 02 | C66: 03 | D66: 89 | E66: 1 | I66: =I67 -> 86.8 | J66: =J67 -> 87.4 | K66: =K67 -> 90.1
A67: Осуществление государственных полномочий Российской Федерации о первичному воинскому учету на территориях, где отсутствуют военные комиссариаты | B67: 02 | C67: 03 | D67: 89 | E67: 1 | F67: 00 | G67: 51180 | I67: =I68+I70 -> 86.8 | J67: =J68+J70 -> 87.4 | K67: =K68+K70 -> 90.1
A68: Расходы на выплаты персоналу в целях обеспечения выполнения функций государственными (муниципальными) органами, казенными учреждениями, органами управления государственными внебюджетными фондами | B68: 02 | C68: 03 | D68: 89 | E68: 1 | F68: 00 | G68: 51180 | H68: 100 | I68: =I69 -> 82.9 | J68: =J69 -> 83.4 | K68: =K69 -> 86.1
A69: Расходы на выплаты персоналу государственных (муниципальных) органов | B69: 02 | C69: 03 | D69: 89 | E69: 1 | F69: 00 | G69: 51180 | H69: 120 | I69: ='Прил 5'!J57 -> 82.9 | J69: ='Прил 5'!K57 -> 83.4 | K69: ='Прил 5'!L57 -> 86.1
A70: Закупка товаров, работ и услуг для обеспечения государственных (муниципальных) нужд | B70: 02 | C70: 03 | D70: 89 | E70: 1 | F70: 00 | G70: 51180 | H70: 200 | I70: =I71 -> 3.9 | J70: =J71 -> 4 | K70: =K71 -> 4
A71: Иные закупки товаров, работ и услуг для обеспечения государственных (муниципальных) нужд | B71: 02 | C71: 03 | D71: 89 | E71: 1 | F71: 00 | G71: 51180 | H71: 240 | I71: ='Прил 5'!J59 -> 3.9 | J71: ='Прил 5'!K59 -> 4 | K71: ='Прил 5'!L59 -> 4
A72: Национальная безопасность и правоохранительная деятельность | B72: 03 | I72: =I73 -> 18.6 | J72: =J73 -> 0 | K72: =K73 -> 0
A73: Защита населения и территории от чрезвычайных ситуаций природного и техногенного характера, пожарная безопасность | B73: 03 | C73: 10 | I73: =I74 -> 18.6 | J73: =J74 -> 0 | K73: =K74 -> 0
A74: Непрограммные расходы главных распорядителей средств бюджета Адашевского сельского поселения Кадошкинского муниципального района Республики Мордовия | B74: 03 | C74: 10 | D74: 89 | I74: =I75 -> 18.6 | J74: =J75 -> 0 | K74: =K75 -> 0
A75: Непрограммные расходы в рамках обеспечения деятельности главных распорядителей средств бюджета Адашевского сельского поселения Кадошкинского муниципального района Республики Мордовия | B75: 03 | C75: 10 | D75: 89 | E75: 1 | I75: =I76 -> 18.6 | J75: =J76 -> 0 | K75: =K76 -> 0
A76: Мероприятия по обеспечению пожарной безопасности | B76: 03 | C76: 10 | D76: 89 | E76: 1 | F76: 00 | G76: 42120 | I76: =I77 -> 18.6 | J76: =J77 -> 0 | K76: =K77 -> 0
A77: Закупка товаров, работ и услуг для обеспечения государственных (муниципальных) нужд | B77: 03 | C77: 10 | D77: 89 | E77: 1 | F77: 00 | G77: 42120 | H77: 200 | I77: =I78 -> 18.6 | J77: =J78 -> 0 | K77: =K78 -> 0
A78: Иные закупки товаров, работ и услуг для обеспечения государственных (муниципальных) нужд | B78: 03 | C78: 10 | D78: 89 | E78: 1 | F78: 00 | G78: 42120 | H78: 240 | I78: ='Прил 5'!J66 -> 18.6 | J78: ='Прил 5'!K66 -> 0 | K78: ='Прил 5'!L66 -> 0
A79: Национальная экономика | B79: 04 | I79: =I80 -> 255.6 | J79: =J80 -> 272.6 | K79: =K80 -> 280.8
A80: Дорожное хозяйство (дорожные фонды) | B80: 04 | C80: 09 | I80: =I81 -> 255.6 | J80: =J81 -> 272.6 | K80: =K81 -> 280.8
A81: Непрограммные расходы главных распорядителей средств бюджета Адашевского сельского поселения Кадошкинского муниципального района Республики Мордовия | B81: 04 | C81: 09 | D81: 89 | I81: =I82 -> 255.6 | J81: =J83 -> 272.6 | K81: =K83 -> 280.8
A82: Непрограммные расходы в рамках обеспечения деятельности главных распорядителей средств бюджета Адашевского сельского поселения Кадошкинского муниципального района Республики Мордовия | B82: 04 | C82: 09 | D82: 89 | E82: 1 | I82: =I83 -> 255.6
A83: Иные межбюджетные трансферты на осуществление полномочий по дорожной деятельности в отношении автомобильных дорог местного значения в границах населенных пунктов поселения и обеспечению безопасности дорожного движения на них, включая создание и обеспечение функционирования парковок (парковочных мест), осуществлению муниципального контроля за сохранностью автомобильных дорог местного значения в границах населенных пунктов поселения, организации дорожного движения, а также осуществлению иных полномочий в области использования автомобильных дорог и осуществления дорожной деятельности в соответствии с законодательством Российской Федерации | B83: 04 | C83: 09 | D83: 89 | E83: 1 | F83: 00 | G83: 44102 | I83: =I84 -> 255.6 | J83: =J84 -> 272.6 | K83: =K84 -> 280.8
A84: Закупка товаров, работ и услуг для обеспечения государственных (муниципальных) нужд | B84: 04 | C84: 09 | D84: 89 | E84: 1 | F84: 00 | G84: 44102 | H84: 200 | I84: =I85 -> 255.6 | J84: =J85 -> 272.6 | K84: =K85 -> 280.8
A85: Иные закупки товаров, работ и услуг для обеспечения государственных (муниципальных) нужд | B85: 04 | C85: 09 | D85: 89 | E85: 1 | F85: 00 | G85: 44102 | H85: 240 | I85: ='Прил 5'!J73 -> 255.6 | J85: ='Прил 5'!K73 -> 272.6 | K85: ='Прил 5'!L73 -> 280.8
A86: Жилищно-коммунальное хозяйство | B86: 05 | I86: =I87+I93 -> 129.577 | J86: =J87+J93 -> 15.2 | K86: =K87+K93 -> 15.5
A87: Коммунальное хозяйство | B87: 05 | C87: 02 | I87: =I88 -> 33.477 | J87: =J88 -> 0.4 | K87: =K88 -> 0.4
A88: Непрограммные расходы главных распорядителей средств бюджета Адашевского сельского поселения Кадошкинского муниципального района Республики Мордовия | B88: 05 | C88: 02 | D88: 89 | I88: =I89 -> 33.477 | J88: =J89 -> 0.4 | K88: =K89 -> 0.4
A89: Непрограммные расходы в рамках обеспечения деятельности главных распорядителей средств бюджета Адашевского сельского поселения Кадошкинского муниципального района Республики Мордовия | B89: 05 | C89: 02 | D89: 89 | E89: 1 | I89: =I90 -> 33.477 | J89: =J90 -> 0.4 | K89: =K90 -> 0.4
A90: Иные межбюджетные трансферты на осуществление полномочий по организации в границах поселения электро-, тепло-, газо- и водоснабжения населения, водоотведения, снабжения населения топливом в пределах полномочий, установленных законодательством Российской Федерации | B90: 05 | C90: 02 | D90: 89 | E90: 1 | F90: 00 | G90: 44101 | I90: =I91 -> 33.477 | J90: =J91 -> 0.4 | K90: =K91 -> 0.4
A91: Закупка товаров, работ и услуг для обеспечения государственных (муниципальных) нужд | B91: 05 | C91: 02 | D91: 89 | E91: 1 | F91: 00 | G91: 44101 | H91: 200 | I91: =I92 -> 33.477 | J91: =J92 -> 0.4 | K91: =K92 -> 0.4
A92: Иные закупки товаров, работ и услуг для обеспечения государственных (муниципальных) нужд | B92: 05 | C92: 02 | D92: 89 | E92: 1 | F92: 00 | G92: 44101 | H92: 240 | I92: ='Прил 5'!J80 -> 33.477 | J92: ='Прил 5'!K80 -> 0.4 | K92: ='Прил 5'!L80 -> 0.4
A93: Благоустройство | B93: 05 | C93: 03 | I93: ='Прил 4 '!I94+'Прил 4 '!I97 -> 96.1 | J93: ='Прил 4 '!J94+'Прил 4 '!J97 -> 14.8 | K93: ='Прил 4 '!K94+'Прил 4 '!K97 -> 15.1
A94: Уличное освещение | B94: 05 | C94: 03 | D94: 89 | E94: 1 | F94: 00 | G94: 43010 | I94: =I95 -> 32.2 | J94: =J95 -> 11.8 | K94: =K95 -> 12.1
A95: Закупка товаров, работ и услуг для обеспечения государственных (муниципальных) нужд | B95: 05 | C95: 03 | D95: 89 | E95: 1 | F95: 00 | G95: 43010 | H95: 200 | I95: =I96 -> 32.2 | J95: =J96 -> 11.8 | K95: =K96 -> 12.1
A96: Иные закупки товаров, работ и услуг для обеспечения государственных (муниципальных) нужд | B96: 05 | C96: 03 | D96: 89 | E96: 1 | F96: 00 | G96: 43010 | H96: 240 | I96: ='Прил 5'!J86 -> 32.2 | J96: ='Прил 5'!K86 -> 11.8 | K96: ='Прил 5'!L86 -> 12.1
A97: Прочие мероприятия по благоустройству | B97: 05 | C97: 03 | D97: 89 | E97: 1 | F97: 00 | G97: 43040 | I97: =I98 -> 63.9 | J97: =J98 -> 3 | K97: =K98 -> 3
A98: Закупка товаров, работ и услуг для обеспечения государственных (муниципальных) нужд | B98: 05 | C98: 03 | D98: 89 | E98: 1 | F98: 00 | G98: 43040 | H98: 200 | I98: =I99 -> 63.9 | J98: =J99 -> 3 | K98: =K99 -> 3
A99: Иные закупки товаров, работ и услуг для обеспечения государственных (муниципальных) нужд | B99: 05 | C99: 03 | D99: 89 | E99: 1 | F99: 00 | G99: 43040 | H99: 240 | I99: ='Прил 5'!J89 -> 63.9 | J99: ='Прил 5'!K89 -> 3 | K99: ='Прил 5'!L89 -> 3
A100: Социальная политика | B100: 10 | I100: =I101 -> 68.8 | J100: =J101 -> 52.2 | K100: =K101 -> 34.9
A101: Пенсионное обеспечение | B101: 10 | C101: 01 | I101: =I102 -> 68.8 | J101: =J102 -> 52.2 | K101: =K102 -> 34.9
...

Sheet Прил 5
H1: Приложение 5
J2: к решению сессии Совета депутатов Адашевского сельского поселения "О бюджете Адашевского сельского поселения Кадошкинского муниципального района Республики Мордовия на 2021 год и на плановый период 2022 и 2023 годов"
A3: ВЕДОМСТВЕННАЯ СТРУКТУРА РАСХОДОВ БЮДЖЕТА АДАШЕВСКОГО СЕЛЬСКОГО ПОСЕЛЕНИЯ КАДОШКИНСКОГО МУНИЦИПАЛЬНОГО РАЙОНА РЕСПУБЛИКИ МОРДОВИЯ НА 2021 ГОД И НА ПЛАНОВЫЙ ПЕРИОД 2022 И 2023 ГОДОВ
A5: Наименование | B5: Адм | C5: Рз | D5: ПРз | E5: ЦСР | I5: ВР | J5: Сумма (тыс. рублей)
J6: 2021 год | K6: 2022 год | L6: 2023 год
A7: 1 | B7: 2 | C7: 3 | D7: 4 | E7: 5 | F7: 6 | G7: 7 | H7: 8 | I7: 9 | J7: 10 | K7: 11 | L7: 12
A8: ВСЕГО | J8: =J9 -> 1372.877 | K8: =K9 -> 849.2 | L8: =L9 -> 869.05
A9: Администрация Адашевского сельского поселения Кадошкинского муниципального района Республики Мордовия | B9: 910 | J9: =J10+J51+J67+J74+J90+J97+J60 -> 1372.877 | K9: =K10+K51+K67+K74+K90+K97+K109 -> 849.2 | L9: =L10+L51+L67+L74+L90+L97+L109 -> 869.05
A10: Общегосударственные вопросы | B10: 910 | C10: 01 | J10: =J11+J20+J45+J39 -> 812.5 | K10: =K11+K20+K45 -> 401.8 | L10: =L11+L20+L45 -> 407.85
A11: Функционирование высшего должностного лица субъекта Российской Федерации и муниципального образования | B11: 910 | C11: 01 | D11: 02 | J11: =J12 -> 353.4 | K11: =K12 -> 123.8 | L11: =L12 -> 123.5
A12: Обеспечение деятельности администрации | B12: 910 | C12: 01 | D12: 02 | E12: 65 | J12: =J13 -> 353.4 | K12: =K13 -> 123.8 | L12: =L13 -> 123.5
A13: Высшее должностное лицо | B13: 910 | C13: 01 | D13: 02 | E13: 65 | F13: 1 | J13: =J14+J17 -> 353.4 | K13: =K14+K17 -> 123.8 | L13: =L14+L17 -> 123.5
A14: Расходы на выплаты по оплате труда высшего должностного лица | B14: 910 | C14: 01 | D14: 02 | E14: 65 | F14: 1 | G14: 00 | H14: 41150 | J14: =J15 -> 281.7 | K14: =K15 -> 123.8 | L14: =L15 -> 123.5
A15: Расходы на выплаты персоналу в целях обеспечения выполнения функций государственными (муниципальными) органами, казенными учреждениями, органами управления государственными внебюджетными фондами | B15: 910 | C15: 01 | D15: 02 | E15: 65 | F15: 1 | G15: 00 | H15: 41150 | I15: 100 | J15: =J16 -> 281.7 | K15: =K16 -> 123.8 | L15: =L16 -> 123.5
A16: Расходы на выплаты персоналу государственных (муниципальных) органов | B16: 910 | C16: 01 | D16: 02 | E16: 65 | F16: 1 | G16: 00 | H16: 41150 | I16: 120 | J16: =251.7+30 -> 281.7 | K16: 123.8 | L16: 123.5
A17: Субсидии на софинансирование расходных обязательств по финансовому обеспечению деятельности органов местного самоуправления и муниципальных учреждений | B17: 910 | C17: 01 | D17: 02 | E17: 65 | F17: 1 | G17: 00 | H17: 44205 | J17: =J18 -> 71.7 | K17: =K18 -> 0 | L17: =L18 -> 0
A18: Расходы на выплаты персоналу в целях обеспечения выполнения функций государственными (муниципальными) органами, казенными учреждениями, органами управления государственными внебюджетными фондами | B18: 910 | C18: 01 | D18: 02 | E18: 65 | F18: 1 | G18: 00 | H18: 44205 | I18: 100 | J18: =J19 -> 71.7 | K18: =K19 -> 0 | L18: =L19 -> 0
A19: Расходы на выплаты персоналу государственных (муниципальных) органов | B19: 910 | C19: 01 | D19: 02 | E19: 65 | F19: 1 | G19: 00 | H19: 44205 | I19: 120 | J19: 71.7 | K19: 0 | L19: 0
A20: Функционирование Правительства Российской Федерации, высших органов исполнительной власти субъектов Российской Федерации, местных администраций | B20: 910 | C20: 01 | D20: 04 | J20: =J21+J34 -> 455.1 | K20: =K21+K34 -> 277 | L20: =L21+L34 -> 283.35
A21: Обеспечение деятельности администрации | B21: 910 | C21: 01 | D21: 04 | E21: 65 | J21: =J22 -> 455 | K21: =K22 -> 276.9 | L21: =L22 -> 283.25
A22: Непрограммные расходы в рамках обеспечения деятельности администрации | B22: 910 | C22: 01 | D22: 04 | E22: 65 | F22: 2 | J22: =J24+J26+J31 -> 455 | K22: =K24+K26+K31 -> 276.9 | L22: =L24+L26+L31 -> 283.25
A23: Расходы на выплаты по оплате труда работников органов местного самоуправления | B23: 910 | C23: 01 | D23: 04 | E23: 65 | F23: 2 | G23: 00 | H23: 41110 | J23: =J24 -> 233.5 | K23: =K24 -> 192.4 | L23: =L24 -> 190.15
A24: Расходы на выплаты персоналу в целях обеспечения выполнения функций государственными (муниципальными) органами, казенными учреждениями, органами управления государственными внебюджетными фондами | B24: 910 | C24: 01 | D24: 04 | E24: 65 | F24: 2 | G24: 00 | H24: 41110 | I24: 100 | J24: =J25 -> 233.5 | K24: =K25 -> 192.4 | L24: =L25 -> 190.15
A25: Расходы на выплаты персоналу государственных (муниципальных) органов | B25: 910 | C25: 01 | D25: 04 | E25: 65 | F25: 2 | G25: 00 | H25: 41110 | I25: 120 | J25: 233.5 | K25: 192.4 | L25: 190.15
A26: Расходы на обеспечение функций органов местного самоуправления | B26: 910 | C26: 01 | D26: 04 | E26: 65 | F26: 2 | G26: 00 | H26: 41120 | J26: =J29+J27 -> 128.6 | K26: =K29+K27 -> 84.5 | L26: =L29+L27 -> 93.1
A27: Закупка товаров, работ и услуг для обеспечения государственных (муниципальных) нужд | B27: 910 | C27: 01 | D27: 04 | E27: 65 | F27: 2 | G27: 00 | H27: 41120 | I27: 200 | J27: =J28 -> 101 | K27: =K28 -> 62.1 | L27: =L28 -> 70.7
A28: Иные закупки товаров, работ и услуг для обеспечения государственных (муниципальных) нужд | B28: 910 | C28: 01 | D28: 04 | E28: 65 | F28: 2 | G28: 00 | H28: 41120 | I28: 240 | J28: =51+50 -> 101 | K28: 62.1 | L28: 70.7
A29: Иные бюджетные ассигнования | B29: 910 | C29: 01 | D29: 04 | E29: 65 | F29: 2 | G29: 00 | H29: 41120 | I29: 800 | J29: =J30 -> 27.6 | K29: =K30 -> 22.4 | L29: =L30 -> 22.4
A30: Уплата налогов, сборов и иных платежей | B30: 910 | C30: 01 | D30: 04 | E30: 65 | F30: 2 | G30: 00 | H30: 41120 | I30: 850 | J30: 27.6 | K30: 22.4 | L30: 22.4
A31: Субсидии на софинансирование расходных обязательств по финансовому обеспечению деятельности органов местного самоуправления и муниципальных учреждений | B31: 910 | C31: 01 | D31: 04 | E31: 65 | F31: 2 | G31: 00 | H31: 44205 | J31: =J32 -> 92.9 | K31: =K32 -> 0 | L31: =L32 -> 0
A32: Расходы на выплаты персоналу в целях обеспечения выполнения функций государственными (муниципальными) органами, казенными учреждениями, органами управления государственными внебюджетными фондами | B32: 910 | C32: 01 | D32: 04 | E32: 65 | F32: 2 | G32: 00 | H32: 44205 | I32: 100 | J32: =J33 -> 92.9 | K32: =K33 -> 0 | L32: =L33 -> 0
A33: Расходы на выплаты персоналу государственных (муниципальных) органов | B33: 910 | C33: 01 | D33: 04 | E33: 65 | F33: 2 | G33: 00 | H33: 44205 | I33: 120 | J33: 92.9 | K33: 0 | L33: 0
A34: Непрограммные расходы главных распорядителей средств бюджета Адашевского сельского поселения Кадошкинского муниципального района Республики Мордовия | B34: 910 | C34: 01 | D34: 04 | E34: 89 | J34: =J35 -> 0.1 | K34: =K35 -> 0.1 | L34: =L35 -> 0.1
A35: Непрограммные расходы в рамках обеспечения деятельности главных распорядителей средств бюджета Адашевского сельского поселения Кадошкинского муниципального района Республики Мордовия | B35: 910 | C35: 01 | D35: 04 | E35: 89 | F35: 1 | J35: =J36 -> 0.1 | K35: =K36 -> 0.1 | L35: =L36 -> 0.1
A36: Осуществление государственных полномочий Республики Мордовия по определению перечня должностных лиц, уполномоченных составлять протоколы об административных правонарушениях, предусмотренных Законом Республики Мордовия от 15 июня 2015 года № 38-З "Об административной ответственности на территории Республики Мордовия" | B36: 910 | C36: 01 | D36: 04 | E36: 89 | F36: 1 | G36: 00 | H36: 77150 | J36: =J37 -> 0.1 | K36: =K37 -> 0.1 | L36: =L37 -> 0.1
A37: Закупка товаров, работ и услуг для обеспечения государственных (муниципальных) нужд | B37: 910 | C37: 01 | D37: 04 | E37: 89 | F37: 1 | G37: 00 | H37: 77150 | I37: 200 | J37: =J38 -> 0.1 | K37: =K38 -> 0.1 | L37: =L38 -> 0.1
A38: Иные закупки товаров, работ и услуг для обеспечения государственных (муниципальных) нужд | B38: 910 | C38: 01 | D38: 04 | E38: 89 | F38: 1 | G38: 00 | H38: 77150 | I38: 240 | J38: 0.1 | K38: 0.1 | L38: 0.1
A39: Обеспечение проведения выборов и референдумов | B39: 910 | C39: 01 | D39: 07 | J39: =J40 -> 3 | K39: =K40 -> 0 | L39: =L40 -> 0
A40: Непрограммные расходы главных распорядителей средств бюджета Адашевского сельского поселения Кадошкинского муниципального района Республики Мордовия | B40: 910 | C40: 01 | D40: 07 | J40: =J41 -> 3 | K40: =K41 -> 0 | L40: =L41 -> 0
A41: Непрограммные расходы в рамках обеспечения деятельности главных распорядителей средств бюджета Адашевского сельского поселения Кадошкинского муниципального района Республики Мордовия | B41: 910 | C41: 01 | D41: 07 | E41: 89 | F41: 1 | J41: =J42 -> 3 | K41: =K42 -> 0 | L41: =L42 -> 0
A42: Проведение выборов депутатов Адашевского сельского поселения Кадошкинского муниципального района Республики Мордовия | B42: 910 | C42: 01 | D42: 07 | E42: 89 | F42: 1 | G42: 00 | H42: 41130 | J42: =J43 -> 3 | K42: =K43 -> 0 | L42: =L43 -> 0
A43: Иные бюджетные ассигнования | B43: 910 | C43: 01 | D43: 07 | E43: 89 | F43: 1 | G43: 00 | H43: 41130 | I43: 800 | J43: =J44 -> 3 | K43: =K44 -> 0 | L43: =L44 -> 0
A44: Специальные расходы | B44: 910 | C44: 01 | D44: 07 | E44: 89 | F44: 1 | G44: 00 | H44: 41130 | I44: 880 | J44: 3 | K44: 0 | L44: 0
A45: Резервные фонды | B45: 910 | C45: 01 | D45: 11 | J45: =J46 -> 1 | K45: =K46 -> 1 | L45: =L46 -> 1
A46: Непрограммные расходы главных распорядителей средств бюджета Адашевского сельского поселения Кадошкинского муниципального района Республики Мордовия | B46: 910 | C46: 01 | D46: 11 | E46: 89 | J46: =J47 -> 1 | K46: =K47 -> 1 | L46: =L47 -> 1
A47: Непрограммные расходы в рамках обеспечения деятельности главных распорядителей средств бюджета Адашевского сельского поселения Кадошкинского муниципального района Республики Мордовия | B47: 910 | C47: 01 | D47: 11 | E47: 89 | F47: 1 | J47: =J48 -> 1 | K47: =K48 -> 1 | L47: =L48 -> 1
A48: Резервный фонд администрации Адашевского сельского поселения Кадошкинского муниципального района Республики Мордовия | B48: 910 | C48: 01 | D48: 11 | E48: 89 | F48: 1 | G48: 00 | H48: 41180 | J48: =J49 -> 1 | K48: =K49 -> 1 | L48: =L49 -> 1
A49: Иные бюджетные ассигнования | B49: 910 | C49: 01 | D49: 11 | E49: 89 | F49: 1 | G49: 00 | H49: 41180 | I49: 800 | J49: =J50 -> 1 | K49: =K50 -> 1 | L49: =L50 -> 1
A50: Резервные средства | B50: 910 | C50: 01 | D50: 11 | E50: 89 | F50: 1 | G50: 00 | H50: 41180 | I50: 870 | J50: 1 | K50: 1 | L50: 1
A51: Национальная оборона | B51: 910 | C51: 02 | J51: =J52 -> 86.8 | K51: =K52 -> 87.4 | L51: =L52 -> 90.1
A52: Мобилизационная и вневойсковая подготовка | B52: 910 | C52: 02 | D52: 03 | J52: =J55 -> 86.8 | K52: =K55 -> 87.4 | L52: =L55 -> 90.1
A53: Непрограммные расходы главных распорядителей средств бюджета Адашевского сельского поселения Кадошкинского муниципального района Республики Мордовия | B53: 910 | C53: 02 | D53: 03 | E53: 89 | J53: =J54 -> 86.8 | K53: =K54 -> 87.4 | L53: =L54 -> 90.1
A54: Непрограммные расходы в рамках обеспечения деятельности главных распорядителей средств бюджета Адашевского сельского поселения Кадошкинского муниципального района Республики Мордовия | B54: 910 | C54: 02 | D54: 03 | E54: 89 | F54: 1 | J54: =J55 -> 86.8 | K54: =K55 -> 87.4 | L54: =L55 -> 90.1
A55: Осуществление государственных полномочий Российской Федерации о первичному воинскому учету на территориях, где отсутствуют военные комиссариаты | B55: 910 | C55: 02 | D55: 03 | E55: 89 | F55: 1 | G55: 00 | H55: 51180 | J55: =J56+J58 -> 86.8 | K55: =K56+K58 -> 87.4 | L55: =L56+L58 -> 90.1
A56: Расходы на выплаты персоналу в целях обеспечения выполнения функций государственными (муниципальными) органами, казенными учреждениями, органами управления государственными внебюджетными фондами | B56: 910 | C56: 02 | D56: 03 | E56: 89 | F56: 1 | G56: 00 | H56: 51180 | I56: 100 | J56: =J57 -> 82.9 | K56: =K57 -> 83.4 | L56: =L57 -> 86.1
A57: Расходы на выплаты персоналу государственных (муниципальных) органов | B57: 910 | C57: 02 | D57: 03 | E57: 89 | F57: 1 | G57: 00 | H57: 51180 | I57: 120 | J57: 82.9 | K57: 83.4 | L57: 86.1
A58: Закупка товаров, работ и услуг для обеспечения государственных (муниципальных) нужд | B58: 910 | C58: 02 | D58: 03 | E58: 89 | F58: 1 | G58: 00 | H58: 51180 | I58: 200 | J58: =J59 -> 3.9 | K58: =K59 -> 4 | L58: =L59 -> 4
A59: Иные закупки товаров, работ и услуг для обеспечения государственных (муниципальных) нужд | B59: 910 | C59: 02 | D59: 03 | E59: 89 | F59: 1 | G59: 00 | H59: 51180 | I59: 240 | J59: 3.9 | K59: 4 | L59: 4
A60: Национальная безопасность и правоохранительная деятельность | B60: 910 | C60: 03 | J60: =J61 -> 18.6 | K60: =K61 -> 0 | L60: =L61 -> 0
A61: Защита населения и территории от чрезвычайных ситуаций природного и техногенного характера, пожарная безопасность | B61: 910 | C61: 03 | D61: 10 | J61: =J62 -> 18.6 | K61: =K62 -> 0 | L61: =L62 -> 0
A62: Непрограммные расходы главных распорядителей средств бюджета Адашевского сельского поселения Кадошкинского муниципального района Республики Мордовия | B62: 910 | C62: 03 | D62: 10 | E62: 89 | J62: =J63 -> 18.6 | K62: =K63 -> 0 | L62: =L63 -> 0
A63: Непрограммные расходы в рамках обеспечения деятельности главных распорядителей средств бюджета Адашевского сельского поселения Кадошкинского муниципального района Республики Мордовия | B63: 910 | C63: 03 | D63: 10 | E63: 89 | F63: 1 | J63: =J64 -> 18.6 | K63: =K64 -> 0 | L63: =L64 -> 0
A64: Мероприятия по обеспечению пожарной безопасности | B64: 910 | C64: 03 | D64: 10 | E64: 89 | F64: 1 | G64: 00 | H64: 42120 | J64: =J65 -> 18.6 | K64: =K65 -> 0 | L64: =L65 -> 0
A65: Закупка товаров, работ и услуг для обеспечения государственных (муниципальных) нужд | B65: 910 | C65: 03 | D65: 10 | E65: 89 | F65: 1 | G65: 00 | H65: 42120 | I65: 200 | J65: =J66 -> 18.6 | K65: =K66 -> 0 | L65: =L66 -> 0
A66: Иные закупки товаров, работ и услуг для обеспечения государственных (муниципальных) нужд | B66: 910 | C66: 03 | D66: 10 | E66: 89 | F66: 1 | G66: 00 | H66: 42120 | I66: 240 | J66: 18.6 | K66: 0 | L66: 0
A67: Национальная экономика | B67: 910 | C67: 04 | J67: =J68 -> 255.6 | K67: =K68 -> 272.6 | L67: =L68 -> 280.8
A68: Дорожное хозяйство (дорожные фонды) | B68: 910 | C68: 04 | D68: 09 | J68: =J69 -> 255.6 | K68: =K69 -> 272.6 | L68: =L69 -> 280.8
A69: Непрограммные расходы главных распорядителей средств бюджета Адашевского сельского поселения Кадошкинского муниципального района Республики Мордовия | B69: 910 | C69: 04 | D69: 09 | E69: 89 | J69: =J71 -> 255.6 | K69: =K71 -> 272.6 | L69: =L71 -> 280.8
A70: Непрограммные расходы в рамках обеспечения деятельности главных распорядителей средств бюджета Адашевского сельского поселения Кадошкинского муниципального района Республики Мордовия | B70: 910 | C70: 04 | D70: 09 | E70: 89 | F70: 1
A71: Иные межбюджетные трансферты на осуществление полномочий по дорожной деятельности в отношении автомобильных дорог местного значения в границах населенных пунктов поселения и обеспечению безопасности дорожного движения на них, включая создание и обеспечение функционирования парковок (парковочных мест), осуществлению муниципального контроля за сохранностью автомобильных дорог местного значения в границах населенных пунктов поселения, организации дорожного движения, а также осуществлению иных полномочий в области использования автомобильных дорог и осуществления дорожной деятельности в соответствии с законодательством Российской Федерации | B71: 910 | C71: 04 | D71: 09 | E71: 89 | F71: 1 | G71: 00 | H71: 44102 | J71: =J72 -> 255.6 | K71: =K72 -> 272.6 | L71: =L72 -> 280.8
A72: Закупка товаров, работ и услуг для обеспечения государственных (муниципальных) нужд | B72: 910 | C72: 04 | D72: 09 | E72: 89 | F72: 1 | G72: 00 | H72: 44102 | I72: 200 | J72: =J73 -> 255.6 | K72: =K73 -> 272.6 | L72: =L73 -> 280.8
A73: Иные закупки товаров, работ и услуг для обеспечения государственных (муниципальных) нужд | B73: 910 | C73: 04 | D73: 09 | E73: 89 | F73: 1 | G73: 00 | H73: 44102 | I73: 240 | J73: 255.6 | K73: 272.6 | L73: 280.8
A74: Жилищно-коммунальное хозяйство | B74: 910 | C74: 05 | J74: =J75+J81 -> 129.577 | K74: =K75+K81 -> 15.2 | L74: =L75+L81 -> 15.5
A75: Коммунальное хозяйство | B75: 910 | C75: 05 | D75: 02 | J75: =J76 -> 33.477 | K75: =K76 -> 0.4 | L75: =L76 -> 0.4
A76: Непрограммные расходы главных распорядителей средств бюджета Адашевского сельского поселения Кадошкинского муниципального района Республики Мордовия | B76: 910 | C76: 05 | D76: 02 | E76: 89 | J76: =J77 -> 33.477 | K76: =K77 -> 0.4 | L76: =L77 -> 0.4
A77: Непрограммные расходы в рамках обеспечения деятельности главных распорядителей средств бюджета Адашевского сельского поселения Кадошкинского муниципального района Республики Мордовия | B77: 910 | C77: 05 | D77: 02 | E77: 89 | F77: 1 | J77: =J78 -> 33.477 | K77: =K78 -> 0.4 | L77: =L78 -> 0.4
A78: Иные межбюджетные трансферты на осуществление полномочий по организации в границах поселения электро-, тепло-, газо- и водоснабжения населения, водоотведения, снабжения населения топливом в пределах полномочий, установленных законодательством Российской Федерации | B78: 910 | C78: 05 | D78: 02 | E78: 89 | F78: 1 | G78: 00 | H78: 44101 | J78: =J79 -> 33.477 | K78: =K79 -> 0.4 | L78: =L79 -> 0.4
A79: Закупка товаров, работ и услуг для обеспечения государственных (муниципальных) нужд | B79: 910 | C79: 05 | D79: 02 | E79: 89 | F79: 1 | G79: 00 | H79: 44101 | I79: 200 | J79: =J80 -> 33.477 | K79: =K80 -> 0.4 | L79: =L80 -> 0.4
A80: Иные закупки товаров, работ и услуг для обеспечения государственных (муниципальных) нужд | B80: 910 | C80: 05 | D80: 02 | E80: 89 | F80: 1 | G80: 00 | H80: 44101 | I80: 240 | J80: =0.4+33.077 -> 33.477 | K80: 0.4 | L80: 0.4
A81: Благоустройство | B81: 910 | C81: 05 | D81: 03 | J81: =J82 -> 96.1 | K81: =K82 -> 14.8 | L81: =L82 -> 15.1
A82: Непрограммные расходы главных распорядителей средств бюджета Адашевского сельского поселения Кадошкинского муниципального района Республики Мордовия | B82: 910 | C82: 05 | D82: 03 | E82: 89 | J82: =J84+J87 -> 96.1 | K82: =K84+K87 -> 14.8 | L82: =L84+L87 -> 15.1
A83: Непрограммные расходы в рамках обеспечения деятельности главных распорядителей средств бюджета Адашевского сельского поселения Кадошкинского муниципального района Республики Мордовия | B83: 910 | C83: 05 | D83: 03 | E83: 89 | F83: 1 | J83: =J84+J87 -> 96.1 | K83: =K84+K87 -> 14.8 | L83: =L84+L87 -> 15.1
A84: Уличное освещение | B84: 910 | C84: 05 | D84: 03 | E84: 89 | F84: 1 | G84: 00 | H84: 43010 | J84: =J85 -> 32.2 | K84: =K85 -> 11.8 | L84: =L85 -> 12.1
A85: Закупка товаров, работ и услуг для обеспечения государственных (муниципальных) нужд | B85: 910 | C85: 05 | D85: 03 | E85: 89 | F85: 1 | G85: 00 | H85: 43010 | I85: 200 | J85: =J86 -> 32.2 | K85: =K86 -> 11.8 | L85: =L86 -> 12.1
A86: Иные закупки товаров, работ и услуг для обеспечения государственных (муниципальных) нужд | B86: 910 | C86: 05 | D86: 03 | E86: 89 | F86: 1 | G86: 00 | H86: 43010 | I86: 240 | J86: 32.2 | K86: 11.8 | L86: 12.1
A87: Прочие мероприятия по благоустройству | B87: 910 | C87: 05 | D87: 03 | E87: 89 | F87: 1 | G87: 00 | H87: 43040 | J87: =J88 -> 63.9 | K87: =K88 -> 3 | L87: =L88 -> 3
A88: Закупка товаров, работ и услуг для обеспечения государственных (муниципальных) нужд | B88: 910 | C88: 05 | D88: 03 | E88: 89 | F88: 1 | G88: 00 | H88: 43040 | I88: 200 | J88: =J89 -> 63.9 | K88: =K89 -> 3 | L88: =L89 -> 3
A89: Иные закупки товаров, работ и услуг для обеспечения государственных (муниципальных) нужд | B89: 910 | C89: 05 | D89: 03 | E89: 89 | F89: 1 | G89: 00 | H89: 43040 | I89: 240 | J89: =66.9-3 -> 63.9 | K89: 3 | L89: 3
A90: Социальная политика | B90: 910 | C90: 10 | J90: =J91 -> 68.8 | K90: =K91 -> 52.2 | L90: =L91 -> 34.9
A91: Пенсионное обеспечение | B91: 910 | C91: 10 | D91: 01 | J91: =J92 -> 68.8 | K91: =K92 -> 52.2 | L91: =L92 -> 34.9
A92: Непрограммные расходы главных распорядителей средств бюджета Адашевского сельского поселения Кадошкинского муниципального района Республики Мордовия | B92: 910 | C92: 10 | D92: 01 | E92: 89 | J92: =J93 -> 68.8 | K92: =K93 -> 52.2 | L92: =L93 -> 34.9
A93: Непрограммные расходы в рамках обеспечения деятельности главных распорядителей средств бюджета Адашевского сельского поселения Кадошкинского муниципального района Республики Мордовия | B93: 910 | C93: 10 | D93: 01 | E93: 89 | F93: 1 | J93: =J94 -> 68.8 | K93: =K94 -> 52.2 | L93: =L94 -> 34.9
A94: Доплаты к пенсиям муниципальных служащих Республики Мордовия | B94: 910 | C94: 10 | D94: 01 | E94: 89 | F94: 1 | G94: 00 | H94: 03010 | J94: =J95 -> 68.8 | K94: =K95 -> 52.2 | L94: =L95 -> 34.9
A95: Социальное обеспечение и иные выплаты населению | B95: 910 | C95: 10 | D95: 01 | E95: 89 | F95: 1 | G95: 00 | H95: 03010 | I95: 300 | J95: =J96 -> 68.8 | K95: =K96 -> 52.2 | L95: =L96 -> 34.9
A96: Публичные нормативные социальные выплаты гражданам | B96: 910 | C96: 10 | D96: 01 | E96: 89 | F96: 1 | G96: 00 | H96: 03010 | I96: 310 | J96: 68.8 | K96: =71.2-K110 -> 52.2 | L96: =73.8-L110 -> 34.9
A97: Обслуживание государственного и муниципального долга | B97: 910 | C97: 13 | J97: =J98 -> 1 | K97: =K98 -> 1 | L97: =L98 -> 1
A98: Обслуживание государственного внутреннего и муниципального долга | B98: 910 | C98: 13 | D98: 01 | J98: =J99 -> 1 | K98: =K99 -> 1 | L98: =L99 -> 1
A99: Непрограммные расходы главных распорядителей средств бюджета Адашевского сельского поселения Кадошкинского муниципального района Республики Мордовия | B99: 910 | C99: 13 | D99: 01 | E99: 89 | J99: =J100 -> 1 | K99: =K100 -> 1 | L99: =L100 -> 1
A100: Непрограммные расходы в рамках обеспечения деятельности главных распорядителей средств бюджета Адашевского сельского поселения Кадошкинского муниципального района Республики Мордовия | B100: 910 | C100: 13 | D100: 01 | E100: 89 | F100: 1 | J100: =J101 -> 1 | K100: =K101 -> 1 | L100: =L101 -> 1
A101: Процентные платежи по муниципальному долгу | B101: 910 | C101: 13 | D101: 01 | E101: 89 | F101: 1 | G101: 00 | H101: 41240 | J101: =J102 -> 1 | K101: =K102 -> 1 | L101: =L102 -> 1
...

Sheet Прил 6
I1: Приложение 6
I2: к решению сессии Совета депутатов Адашевского сельского поселения "О бюджете Адашевского сельского поселения Кадошкинского муниципального района Республики Мордовия на 2021 год и на плановый период 2022 и 2023 годов"
A3: РАСПРЕДЕЛЕНИЕ БЮДЖЕТНЫХ АССИГНОВАНИЙ БЮДЖЕТА АДАШЕВСКОГО СЕЛЬСКОГО ПОСЕЛЕНИЯ КАДОШКИНСКОГО МУНИЦИПАЛЬНОГО РАЙОНА РЕСПУБЛИКИ МОРДОВИЯ ПО ЦЕЛЕВЫМ СТАТЬЯМ, ГРУППАМ (ГРУППАМ И ПОДГРУППАМ) ВИДОВ РАСХОДОВ КЛАССИФИКАЦИИ РАСХОДОВ БЮДЖЕТОВ, А ТАКЖЕ ПО РАЗДЕЛАМ И ПОДРАЗДЕЛАМ КЛАССИФИКАЦИИ РАСХОДОВ БЮДЖЕТОВ НА 2021 ГОД И НА ПЛАНОВЫЙ ПЕРИОД 2022 И 2023 ГОДОВ
A5: Наименование | B5: ЦСР | F5: ВР | G5: Рз | H5: ПРз | I5: Адм | J5: Сумма (тыс. рублей)
J6: 2021 год | K6: 2022 год | L6: 2023 год
A7: 1 | B7: 2 | C7: 3 | D7: 4 | E7: 5 | F7: 6 | G7: 7 | H7: 8 | I7: 9 | J7: 10 | K7: 11 | L7: 12
A8: ВСЕГО | J8: =J9+J47 -> 1372.877 | K8: =K9+K47+K78 -> 849.2 | L8: =L9+L47+L78 -> 869.05
A9: Обеспечение деятельности администрации | B9: 65 | J9: =J10+J23 -> 808.4 | K9: =K10+K23 -> 400.7 | L9: =L10+L23 -> 406.75
A10: Высшее должностное лицо | B10: 65 | C10: 1 | J10: =J11+J17 -> 353.4 | K10: =K11+K17 -> 123.8 | L10: =L11+L17 -> 123.5
A11: Расходы на выплаты по оплате труда высшего должностного лица муниципального образования | B11: 65 | C11: 1 | D11: 00 | E11: 41150 | J11: =J14 -> 281.7 | K11: =K14 -> 123.8 | L11: =L14 -> 123.5
A12: Расходы на выплаты персоналу в целях обеспечения выполнения функций государственными (муниципальными) органами, казенными учреждениями, органами управления государственными внебюджетными фондами | B12: 65 | C12: 1 | D12: 00 | E12: 41150 | F12: 100 | J12: =J13 -> 281.7 | K12: =K13 -> 123.8 | L12: =L13 -> 123.5
A13: Расходы на выплаты персоналу государственных (муниципальных) органов | B13: 65 | C13: 1 | D13: 00 | E13: 41150 | F13: 120 | J13: =J14 -> 281.7 | K13: =K14 -> 123.8 | L13: =L14 -> 123.5
A14: Общегосударственные вопросы | B14: 65 | C14: 1 | D14: 00 | E14: 41150 | F14: 120 | G14: 01 | J14: =J15 -> 281.7 | K14: =K15 -> 123.8 | L14: =L15 -> 123.5
A15: Функционирование высшего должностного лица субъекта Российской Федерации и муниципального образования | B15: 65 | C15: 1 | D15: 00 | E15: 41150 | F15: 120 | G15: 01 | H15: 02 | J15: =J16 -> 281.7 | K15: =K16 -> 123.8 | L15: =L16 -> 123.5
A16: Администрация Адашевского сельского поселения Кадошкинского муниципального района Республики Мордовия | B16: 65 | C16: 1 | D16: 00 | E16: 41150 | F16: 120 | G16: 01 | H16: 02 | I16: 910 | J16: ='Прил 5'!J16 -> 281.7 | K16: ='Прил 5'!K16 -> 123.8 | L16: ='Прил 5'!L16 -> 123.5
A17: Субсидии на софинансирование расходных обязательств по финансовому обеспечению деятельности органов местного самоуправления и муниципальных учреждений | B17: 65 | C17: 1 | D17: 00 | E17: 44205 | J17: =J18 -> 71.7 | K17: =K18 -> 0 | L17: =L18 -> 0
A18: Расходы на выплаты персоналу в целях обеспечения выполнения функций государственными (муниципальными) органами, казенными учреждениями, органами управления государственными внебюджетными фондами | B18: 65 | C18: 1 | D18: 00 | E18: 44205 | F18: 100 | J18: =J19 -> 71.7 | K18: =K19 -> 0 | L18: =L19 -> 0
A19: Расходы на выплаты персоналу государственных (муниципальных) органов | B19: 65 | C19: 1 | D19: 00 | E19: 44205 | F19: 120 | J19: =J20 -> 71.7 | K19: =K20 -> 0 | L19: =L20 -> 0
A20: Общегосударственные вопросы | B20: 65 | C20: 1 | D20: 00 | E20: 44205 | F20: 120 | G20: 01 | J20: =J21 -> 71.7 | K20: =K21 -> 0 | L20: =L21 -> 0
A21: Функционирование высшего должностного лица субъекта Российской Федерации и муниципального образования | B21: 65 | C21: 1 | D21: 00 | E21: 44205 | F21: 120 | G21: 01 | H21: 02 | J21: =J22 -> 71.7 | K21: =K22 -> 0 | L21: =L22 -> 0
A22: Администрация Адашевского сельского поселения Кадошкинского муниципального района Республики Мордовия | B22: 65 | C22: 1 | D22: 00 | E22: 44205 | F22: 120 | G22: 01 | H22: 02 | I22: 910 | J22: ='Прил 5'!J19 -> 71.7 | K22: ='Прил 5'!K19 -> 0 | L22: ='Прил 5'!L19 -> 0
A23: Непрограммные расходы в рамках обеспечения деятельности администрации | B23: 65 | C23: 2 | J23: =J24+J30+J41 -> 455 | K23: =K24+K30+K41 -> 276.9 | L23: =L24+L30+L41 -> 283.25
A24: Расходы на выплаты по оплате труда работников органов местного самоуправления | B24: 65 | C24: 2 | D24: 00 | E24: 41110 | J24: =J25 -> 233.5 | K24: =K27 -> 192.4 | L24: =L27 -> 190.15
A25: Расходы на выплаты персоналу в целях обеспечения выполнения функций государственными (муниципальными) органами, казенными учреждениями, органами управления государственными внебюджетными фондами | B25: 65 | C25: 2 | D25: 00 | E25: 41110 | F25: 100 | J25: =J26 -> 233.5 | K25: =K26 -> 192.4 | L25: =L26 -> 190.15
A26: Расходы на выплаты персоналу государственных (муниципальных) органов | B26: 65 | C26: 2 | D26: 00 | E26: 41110 | F26: 120 | J26: =J27 -> 233.5 | K26: =K27 -> 192.4 | L26: =L27 -> 190.15
A27: Общегосударственные вопросы | B27: 65 | C27: 2 | D27: 00 | E27: 41110 | F27: 120 | G27: 01 | J27: =J28 -> 233.5 | K27: =K28 -> 192.4 | L27: =L28 -> 190.15
A28: Функционирование Правительства Российской Федерации, высших органов исполнительной власти субъектов Российской Федерации, местных администраций | B28: 65 | C28: 2 | D28: 00 | E28: 41110 | F28: 120 | G28: 01 | H28: 04 | J28: =J29 -> 233.5 | K28: =K29 -> 192.4 | L28: =L29 -> 190.15
A29: Администрация Адашевского сельского поселения Кадошкинского муниципального района Республики Мордовия | B29: 65 | C29: 2 | D29: 00 | E29: 41110 | F29: 120 | G29: 01 | H29: 04 | I29: 910 | J29: ='Прил 5'!J25 -> 233.5 | K29: ='Прил 5'!K25 -> 192.4 | L29: ='Прил 5'!L25 -> 190.15
A30: Расходы на обеспечение функций органов местного самоуправления | B30: 65 | C30: 2 | D30: 00 | E30: 41120 | J30: =J31+J36 -> 128.6 | K30: =K31+K36 -> 84.5 | L30: =L31+L36 -> 93.1
A31: Иные закупки товаров, работ и услуг для обеспечения государственных (муниципальных) нужд | B31: 65 | C31: 2 | D31: 00 | E31: 41120 | F31: 200 | J31: =J32 -> 101 | K31: =K32 -> 62.1 | L31: =L32 -> 70.7
A32: Прочая закупка товаров, работ и услуг | B32: 65 | C32: 2 | D32: 00 | E32: 41120 | F32: 240 | J32: =J33 -> 101 | K32: =K33 -> 62.1 | L32: =L33 -> 70.7
A33: Общегосударственные вопросы | B33: 65 | C33: 2 | D33: 00 | E33: 41120 | F33: 240 | G33: 01 | J33: =J34 -> 101 | K33: =K34 -> 62.1 | L33: =L34 -> 70.7
A34: Функционирование Правительства Российской Федерации, высших органов исполнительной власти субъектов Российской Федерации, местных администраций | B34: 65 | C34: 2 | D34: 00 | E34: 41120 | F34: 240 | G34: 01 | H34: 04 | J34: =J35 -> 101 | K34: =K35 -> 62.1 | L34: =L35 -> 70.7
A35: Администрация Адашевского сельского поселения Кадошкинского муниципального района Республики Мордовия | B35: 65 | C35: 2 | D35: 00 | E35: 41120 | F35: 240 | G35: 01 | H35: 04 | I35: 910 | J35: ='Прил 5'!J28 -> 101 | K35: ='Прил 5'!K28 -> 62.1 | L35: ='Прил 5'!L28 -> 70.7
A36: Закупка товаров, работ и услуг для обеспечения государственных (муниципальных) нужд | B36: 65 | C36: 2 | D36: 00 | E36: 41120 | F36: 800 | J36: =J37 -> 27.6 | K36: =K37 -> 22.4 | L36: =L37 -> 22.4
A37: Иные закупки товаров, работ и услуг для обеспечения государственных (муниципальных) нужд | B37: 65 | C37: 2 | D37: 00 | E37: 41120 | F37: 850 | J37: =J38 -> 27.6 | K37: =K38 -> 22.4 | L37: =L38 -> 22.4
A38: Общегосударственные вопросы | B38: 65 | C38: 2 | D38: 00 | E38: 41120 | F38: 850 | G38: 01 | J38: =J39 -> 27.6 | K38: =K39 -> 22.4 | L38: =L39 -> 22.4
A39: Функционирование Правительства Российской Федерации, высших органов исполнительной власти субъектов Российской Федерации, местных администраций | B39: 65 | C39: 2 | D39: 00 | E39: 41120 | F39: 850 | G39: 01 | H39: 04 | J39: =J40 -> 27.6 | K39: =K40 -> 22.4 | L39: =L40 -> 22.4
A40: Администрация Адашевского сельского поселения Кадошкинского муниципального района Республики Мордовия | B40: 65 | C40: 2 | D40: 00 | E40: 41120 | F40: 850 | G40: 01 | H40: 04 | I40: 910 | J40: ='Прил 5'!J29 -> 27.6 | K40: ='Прил 5'!K29 -> 22.4 | L40: ='Прил 5'!L29 -> 22.4
A41: Субсидии на софинансирование расходных обязательств по финансовому обеспечению деятельности органов местного самоуправления и муниципальных учреждений | B41: 65 | C41: 2 | D41: 00 | E41: 44205 | J41: =J42 -> 92.9 | K41: =K42 -> 0 | L41: =L42 -> 0
A42: Расходы на выплаты персоналу в целях обеспечения выполнения функций государственными (муниципальными) органами, казенными учреждениями, органами управления государственными внебюджетными фондами | B42: 65 | C42: 2 | D42: 00 | E42: 44205 | F42: 100 | J42: =J43 -> 92.9 | K42: =K43 -> 0 | L42: =L43 -> 0
A43: Расходы на выплаты персоналу государственных (муниципальных) органов | B43: 65 | C43: 2 | D43: 00 | E43: 44205 | F43: 120 | J43: =J44 -> 92.9 | K43: =K44 -> 0 | L43: =L44 -> 0
A44: Общегосударственные вопросы | B44: 65 | C44: 2 | D44: 00 | E44: 44205 | F44: 120 | G44: 01 | J44: =J45 -> 92.9 | K44: =K45 -> 0 | L44: =L45 -> 0
A45: Функционирование Правительства Российской Федерации, высших органов исполнительной власти субъектов Российской Федерации, местных администраций | B45: 65 | C45: 2 | D45: 00 | E45: 44205 | F45: 120 | G45: 01 | H45: 04 | J45: =J46 -> 92.9 | K45: =K46 -> 0 | L45: =L46 -> 0
A46: Администрация Адашевского сельского поселения Кадошкинского муниципального района Республики Мордовия | B46: 65 | C46: 2 | D46: 00 | E46: 44205 | F46: 120 | G46: 01 | H46: 04 | I46: 910 | J46: ='Прил 5'!J33 -> 92.9 | K46: ='Прил 5'!K33 -> 0 | L46: ='Прил 5'!L33 -> 0
A47: Непрограммные расходы главных распорядителей средств бюджета Адашевского сельского поселения Кадошкинского муниципального района Республики Мордовия | B47: 89 | J47: =J48 -> 564.477 | K47: =K48 -> 429.5 | L47: =L48 -> 423.4
A48: Непрограммные расходы в рамках обеспечения деятельности главных распорядителей средств бюджета Адашевского сельского поселения Кадошкинского муниципального района Республики Мордовия | B48: 89 | C48: 1 | J48: =J54+J66+J72+J102+J108+J114+J125+J90+J96+J119+J79+J55 -> 564.477 | K48: =K54+K66+K72+K102+K108+K114+K125+K90+K96+K119+K79+K55 -> 429.5 | L48: =L54+L66+L72+L102+L108+L114+L125+L90+L96+L119+L79+L55 -> 423.4
A49: Доплаты к пенсиям муниципальных служащих | B49: 89 | C49: 1 | D49: 00 | E49: 03010 | J49: =J52 -> 68.8 | K49: =K52 -> 52.2 | L49: =L52 -> 34.9
A50: Социальное обеспечение и иные выплаты населению | B50: 89 | C50: 1 | D50: 00 | E50: 03010 | F50: 300 | J50: =J51 -> 68.8 | K50: =K51 -> 52.2 | L50: =L51 -> 34.9
A51: Публичные нормативные социальные выплаты гражданам | B51: 89 | C51: 1 | D51: 00 | E51: 03010 | F51: 310 | J51: =J52 -> 68.8 | K51: =K52 -> 52.2 | L51: =L52 -> 34.9
A52: Социальная политика | B52: 89 | C52: 1 | D52: 00 | E52: 03010 | F52: 310 | G52: 10 | J52: =J53 -> 68.8 | K52: =K53 -> 52.2 | L52: =L53 -> 34.9
A53: Пенсионное обеспечение | B53: 89 | C53: 1 | D53: 00 | E53: 03010 | F53: 310 | G53: 10 | H53: 01 | J53: =J54 -> 68.8 | K53: =K54 -> 52.2 | L53: =L54 -> 34.9
A54: Администрация Адашевского сельского поселения Кадошкинского муниципального района Республики Мордовия | B54: 89 | C54: 1 | D54: 00 | E54: 03010 | F54: 310 | G54: 10 | H54: 01 | I54: 910 | J54: ='Прил 5'!J96 -> 68.8 | K54: ='Прил 5'!K96 -> 52.2 | L54: ='Прил 5'!L96 -> 34.9
A55: Проведение выборов депутатов Адашевского сельского поселения Кадошкинского муниципального района Республики Мордовия | B55: 89 | C55: 1 | D55: 00 | E55: 41130 | J55: =J56 -> 3 | K55: =K56 -> 0 | L55: =L56 -> 0
A56: Иные бюджетные ассигнования | B56: 89 | C56: 1 | D56: 00 | E56: 41130 | F56: 800 | J56: =J57 -> 3 | K56: =K57 -> 0 | L56: =L57 -> 0
A57: Специальные расходы | B57: 89 | C57: 1 | D57: 00 | E57: 41130 | F57: 880 | J57: =J58 -> 3 | K57: =K58 -> 0 | L57: =L58 -> 0
A58: Общегосударственные вопросы | B58: 89 | C58: 1 | D58: 00 | E58: 41130 | F58: 880 | G58: 01 | J58: =J59 -> 3 | K58: =K59 -> 0 | L58: =L59 -> 0
A59: Обеспечение проведения выборов и референдумов | B59: 89 | C59: 1 | D59: 00 | E59: 41130 | F59: 880 | G59: 01 | H59: 07 | J59: =J60 -> 3 | K59: =K60 -> 0 | L59: =L60 -> 0
A60: Администрация Адашевского сельского поселения Кадошкинского муниципального района Республики Мордовия | B60: 89 | C60: 1 | D60: 00 | E60: 41130 | F60: 880 | G60: 01 | H60: 07 | I60: 910 | J60: ='Прил 5'!J44 -> 3 | K60: ='Прил 5'!K44 -> 0 | L60: ='Прил 5'!L44 -> 0
A61: Резервный фонд администрации Адашевского сельского поселения Кадошкинского муниципального района Республики Мордовия | B61: 89 | C61: 1 | D61: 00 | E61: 41180 | J61: =J64 -> 1 | K61: =K64 -> 1 | L61: =L64 -> 1
A62: Иные бюджетные ассигнования | B62: 89 | C62: 1 | D62: 00 | E62: 41180 | F62: 800 | J62: =J63 -> 1 | K62: =K63 -> 1 | L62: =L63 -> 1
A63: Резервные средства | B63: 89 | C63: 1 | D63: 00 | E63: 41180 | F63: 870 | J63: =J64 -> 1 | K63: =K64 -> 1 | L63: =L64 -> 1
A64: Общегосударственные вопросы | B64: 89 | C64: 1 | D64: 00 | E64: 41180 | F64: 870 | G64: 01 | J64: =J65 -> 1 | K64: =K65 -> 1 | L64: =L65 -> 1
A65: Резервные фонды | B65: 89 | C65: 1 | D65: 00 | E65: 41180 | F65: 870 | G65: 01 | H65: 11 | J65: =J66 -> 1 | K65: =K66 -> 1 | L65: =L66 -> 1
A66: Администрация Адашевского сельского поселения Кадошкинского муниципального района Республики Мордовия | B66: 89 | C66: 1 | D66: 00 | E66: 41180 | F66: 870 | G66: 01 | H66: 11 | I66: 910 | J66: ='Прил 5'!J50 -> 1 | K66: ='Прил 5'!K50 -> 1 | L66: ='Прил 5'!L50 -> 1
A67: Процентные платежи по муниципальному долгу | B67: 89 | C67: 1 | D67: 00 | E67: 41240 | J67: =J70 -> 1 | K67: =K70 -> 1 | L67: =L70 -> 1
A68: Обслуживание государственного (муниципального) долга | B68: 89 | C68: 1 | D68: 00 | E68: 41240 | F68: 700 | J68: =J69 -> 1 | K68: =K69 -> 1 | L68: =L69 -> 1
A69: Обслуживание муниципального долга | B69: 89 | C69: 1 | D69: 00 | E69: 41240 | F69: 730 | J69: =J70 -> 1 | K69: =K70 -> 1 | L69: =L70 -> 1
A70: Обслуживание государственного и муниципального долга | B70: 89 | C70: 1 | D70: 00 | E70: 41240 | F70: 730 | G70: 13 | J70: =J71 -> 1 | K70: =K71 -> 1 | L70: =L71 -> 1
A71: Обслуживание государственного внутреннего и муниципального долга | B71: 89 | C71: 1 | D71: 00 | E71: 41240 | F71: 730 | G71: 13 | H71: 01 | J71: =J72 -> 1 | K71: =K72 -> 1 | L71: =L72 -> 1
A72: Администрация Адашевского сельского поселения Кадошкинского муниципального района Республики Мордовия | B72: 89 | C72: 1 | D72: 00 | E72: 41240 | F72: 730 | G72: 13 | H72: 01 | I72: 910 | J72: ='Прил 5'!J103 -> 1 | K72: ='Прил 5'!K103 -> 1 | L72: ='Прил 5'!L103 -> 1
A73: Условно утверждаемые расходы | B73: 89 | C73: 1 | D73: 00 | E73: 41990 | K73: =K74 -> 19 | L73: =L74 -> 38.9
A74: Иные бюджетные ассигнования | B74: 89 | C74: 1 | D74: 00 | E74: 41990 | F74: 800 | K74: =K75 -> 19 | L74: =L75 -> 38.9
A75: Резервные средства | B75: 89 | C75: 1 | D75: 00 | E75: 41990 | F75: 870 | K75: =K76 -> 19 | L75: =L76 -> 38.9
A76: Условно утверждаемые расходы | B76: 89 | C76: 1 | D76: 00 | E76: 41990 | F76: 870 | G76: 99 | K76: =K77 -> 19 | L76: =L77 -> 38.9
A77: Условно утверждаемые расходы | B77: 89 | C77: 1 | D77: 00 | E77: 41990 | F77: 870 | G77: 99 | H77: 99 | K77: =K78 -> 19 | L77: =L78 -> 38.9
A78: Администрация Адашевского сельского поселения Кадошкинского муниципального района Республики Мордовия | B78: 89 | C78: 1 | D78: 00 | E78: 41990 | F78: 870 | G78: 99 | H78: 99 | I78: 910 | K78: ='Прил 5'!K110 -> 19 | L78: ='Прил 5'!L110 -> 38.9
A79: Мероприятия по обеспечению пожарной безопасности | B79: 89 | C79: 1 | D79: 00 | E79: 42120 | J79: =J80 -> 18.6 | K79: =K80 -> 0 | L79: =L80 -> 0
A80: Иные закупки товаров, работ и услуг для обеспечения государственных (муниципальных) нужд | B80: 89 | C80: 0 | D80: 00 | E80: 43010 | F80: 200 | J80: =J81 -> 18.6 | K80: =K81 -> 0 | L80: =L81 -> 0
A81: Прочая закупка товаров, работ и услуг | B81: 89 | C81: 0 | D81: 00 | E81: 43010 | F81: 240 | J81: =J82 -> 18.6 | K81: =K82 -> 0 | L81: =L82 -> 0
A82: Национальная безопасность и правоохранительная деятельность | B82: 89 | C82: 0 | D82: 00 | E82: 43010 | F82: 240 | G82: 03 | J82: =J83 -> 18.6 | K82: =K83 -> 0 | L82: =L83 -> 0
A83: Защита населения и территории от чрезвычайных ситуаций природного и техногенного характера, пожарная безопасность | B83: 89 | C83: 0 | D83: 00 | E83: 43010 | F83: 240 | G83: 03 | H83: 10 | J83: =J84 -> 18.6 | K83: =K84 -> 0 | L83: =L84 -> 0
A84: Администрация Адашевского сельского поселения Кадошкинского муниципального района Республики Мордовия | B84: 89 | C84: 0 | D84: 00 | E84: 43010 | F84: 240 | G84: 03 | H84: 10 | I84: 910 | J84: ='Прил 5'!J66 -> 18.6 | K84: ='Прил 5'!K66 -> 0 | L84: ='Прил 5'!L66 -> 0
A85: Уличное освещение | B85: 89 | C85: 0 | D85: 00 | E85: 43010 | J85: =J88 -> 32.2 | K85: =K88 -> 11.8 | L85: =L88 -> 12.1
A86: Иные закупки товаров, работ и услуг для обеспечения государственных (муниципальных) нужд | B86: 89 | C86: 0 | D86: 00 | E86: 43010 | F86: 200 | J86: =J87 -> 32.2 | K86: =K87 -> 11.8 | L86: =L87 -> 12.1
A87: Прочая закупка товаров, работ и услуг | B87: 89 | C87: 0 | D87: 00 | E87: 43010 | F87: 240 | J87: =J88 -> 32.2 | K87: =K88 -> 11.8 | L87: =L88 -> 12.1
A88: Коммунальное хозяйство | B88: 89 | C88: 0 | D88: 00 | E88: 43010 | F88: 240 | G88: 05 | J88: =J89 -> 32.2 | K88: =K89 -> 11.8 | L88: =L89 -> 12.1
A89: Благоустройство | B89: 89 | C89: 0 | D89: 00 | E89: 43010 | F89: 240 | G89: 05 | H89: 03 | J89: =J90 -> 32.2 | K89: =K90 -> 11.8 | L89: =L90 -> 12.1
A90: Администрация Адашевского сельского поселения Кадошкинского муниципального района Республики Мордовия | B90: 89 | C90: 0 | D90: 00 | E90: 43010 | F90: 240 | G90: 05 | H90: 03 | I90: 910 | J90: ='Прил 5'!J86 -> 32.2 | K90: ='Прил 5'!K86 -> 11.8 | L90: ='Прил 5'!L86 -> 12.1
A91: Прочие мероприятия по благоустройству | B91: 89 | C91: 0 | D91: 00 | E91: 43040 | J91: =J94 -> 63.9 | K91: =K94 -> 3 | L91: =L94 -> 3
A92: Иные закупки товаров, работ и услуг для обеспечения государственных (муниципальных) нужд | B92: 89 | C92: 0 | D92: 00 | E92: 43040 | F92: 200 | J92: =J93 -> 63.9 | K92: =K93 -> 3 | L92: =L93 -> 3
A93: Прочая закупка товаров, работ и услуг | B93: 89 | C93: 0 | D93: 00 | E93: 43040 | F93: 240 | J93: =J94 -> 63.9 | K93: =K94 -> 3 | L93: =L94 -> 3
A94: Коммунальное хозяйство | B94: 89 | C94: 0 | D94: 00 | E94: 43040 | F94: 240 | G94: 05 | J94: =J95 -> 63.9 | K94: =K95 -> 3 | L94: =L95 -> 3
A95: Благоустройство | B95: 89 | C95: 0 | D95: 00 | E95: 43040 | F95: 240 | G95: 05 | H95: 03 | J95: =J96 -> 63.9 | K95: =K96 -> 3 | L95: =L96 -> 3
A96: Администрация Адашевского сельского поселения Кадошкинского муниципального района Республики Мордовия | B96: 89 | C96: 0 | D96: 00 | E96: 43040 | F96: 240 | G96: 05 | H96: 03 | I96: 910 | J96: ='Прил 5'!J89 -> 63.9 | K96: ='Прил 5'!K89 -> 3 | L96: ='Прил 5'!L89 -> 3
A97: Иные межбюджетные трансферты на осуществление полномочий по организации в границах поселения электро-, тепло-, газо- и водоснабжения населения, водоотведения, снабжения населения топливом в пределах полномочий, установленных законодательством Российской Федерации | B97: 89 | C97: 1 | D97: 00 | E97: 44101 | J97: =J100 -> 33.477 | K97: =K100 -> 0.4 | L97: =L100 -> 0.4
A98: Иные закупки товаров, работ и услуг для обеспечения государственных (муниципальных) нужд | B98: 89 | C98: 1 | D98: 00 | E98: 44101 | F98: 200 | J98: =J99 -> 33.477 | K98: =K99 -> 0.4 | L98: =L99 -> 0.4
A99: Прочая закупка товаров, работ и услуг | B99: 89 | C99: 1 | D99: 00 | E99: 44101 | F99: 240 | J99: =J100 -> 33.477 | K99: =K100 -> 0.4 | L99: =L100 -> 0.4
A100: Жилищно-коммунальное хозяйство | B100: 89 | C100: 1 | D100: 00 | E100: 44101 | F100: 240 | G100: 05 | J100: =J101 -> 33.477 | K100: =K101 -> 0.4 | L100: =L101 -> 0.4
A101: Коммунальное хозяйство | B101: 89 | C101: 1 | D101: 00 | E101: 44101 | F101: 240 | G101: 05 | H101: 02 | J101: =J102 -> 33.477 | K101: =K102 -> 0.4 | L101: =L102 -> 0.4
...

Sheet Прил 7
D1: Приложение 7
C2: к решению сессии Совета депутатов Адашевского сельского поселения "О бюджете Адашевского сельского поселения Кадошкинского муниципального района Республики Мордовия на 2021 год и на плановый период 2022 и 2023 годов"
A3: ИСТОЧНИКИ ВНУТРЕННЕГО ФИНАНСИРОВАНИЯ ДЕФИЦИТА БЮДЖЕТА АДАШЕВСКОГО СЕЛЬСКОГО ПОСЕЛЕНИЯ КАДОШКИНСКОГО МУНИЦИПАЛЬНОГО РАЙОНА РЕСПУБЛИКИ МОРДОВИЯ НА 2021 ГОД И НА ПЛАНОВЫЙ ПЕРИОД 2022 И 2023 ГОДОВ
E4: (тыс.руб.)
A5: Код | B5: НАИМЕНОВАНИЕ | C5: 2021 год | D5: 2022 год | E5: 2023 год
A6: 1 | B6: 2 | C6: 3 | D6: 4 | E6: 5
A7: 000 01 00 00 00 00 0000 000 | B7: ИСТОЧНИКИ ВНУТРЕННЕГО ФИНАНСИРОВАНИЯ ДЕФИЦИТОВ БЮДЖЕТОВ | C7: =C8+C11+C15 -> 80 | D7: =D8+D11+D15 -> 0 | E7: =E8+E11+E15 -> -0.05
A8: 000 01 02 00 00 00 0000 000 | B8: Кредиты кредитных организаций в валюте Российской Федерации | C8: =SUM(C9) -> 10.4 | D8: =SUM(D9) -> 20.8 | E8: =SUM(E9) -> 31.2
A9: 000 01 02 00 00 00 0000 700 | B9: Получение кредитов от кредитных организаций в валюте Российской Федерации | C9: =SUM(C10) -> 10.4 | D9: =SUM(D10) -> 20.8 | E9: =SUM(E10) -> 31.2
A10: 000 01 02 00 00 10 0000 710 | B10: Получение кредитов от кредитных организаций бюджетами поселений в валюте Российской Федерации | C10: 10.4 | D10: 20.8 | E10: 31.2
A11: 000 01 03 00 00 00 0000 000 | B11: Бюджетные кредиты от других бюджетов бюджетной системы Российской Федерации | C11: =C12 -> -10.4 | D11: =D12 -> -20.8 | E11: =E12 -> -31.2
A12: 000 01 03 01 00 00 0000 000 | B12: Бюджетные кредиты от других бюджетов бюджетной системы Российской Федерации в валюте Российской Федерации | C12: =C13 -> -10.4 | D12: =D13 -> -20.8 | E12: =E13 -> -31.2
A13: 000 01 03 01 00 10 0000 800 | B13: Погашение бюджетных кредитов, полученных от других бюджетов бюджетной системы Российской Федерации в валюте Российской Федерации | C13: =SUM(C14) -> -10.4 | D13: =SUM(D14) -> -20.8 | E13: =SUM(E14) -> -31.2
A14: 000 01 03 01 00 10 0000 810 | B14: Погашение бюджетами сельских поселений кредитов от других бюджетов бюджетной системы Российской Федерации в валюте Российской Федерации | C14: -10.4 | D14: -20.8 | E14: -31.2
A15: 000 01 05 00 00 00 0000 000 | B15: Изменения остатков средств на счетах по учету средств бюджетов | C15: =C18+C19 -> 80 | D15: =D18+D19 -> 0 | E15: =E18+E19 -> -0.05
A16: 000 01 05 02 00 00 0000 500 | B16: Увеличение прочих остатков средств бюджетов | C16: =SUM(C17) -> -1303.277 | D16: =SUM(D17) -> -870 | E16: =SUM(E17) -> -900.3
A17: 000 01 05 02 01 00 0000 510 | B17: Увеличение прочих остатков денежных средств бюджетов | C17: =SUM(C18) -> -1303.277 | D17: =SUM(D18) -> -870 | E17: =SUM(E18) -> -900.3
A18: 000 01 05 02 01 10 0000 510 | B18: Увеличение прочих остатков денежных средств бюджетов сельских поселений | C18: =-('Прил 3'!C9+C10) -> -1303.277 | D18: =-('Прил 3'!D9+D10) -> -870 | E18: =-('Прил 3'!E9+E10) -> -900.3
A19: 000 01 05 02 00 00 0000 600 | B19: Уменьшение прочих остатков средств бюджетов | C19: =SUM(C20) -> 1383.277 | D19: =SUM(D20) -> 870 | E19: =SUM(E20) -> 900.25
A20: 000 01 05 02 01 00 0000 610 | B20: Уменьшение прочих остатков денежных средств бюджетов | C20: =SUM(C21) -> 1383.277 | D20: =SUM(D21) -> 870 | E20: =SUM(E21) -> 900.25
A21: 000 01 05 02 01 10 0000 610 | B21: Уменьшение прочих остатков денежных средств бюджетов сельских поселений | C21: ='Прил 4 '!I8-C14 -> 1383.277 | D21: ='Прил 4 '!J8-D14 -> 870 | E21: ='Прил 4 '!K8-E14 -> 900.25
B22: Привлечение средств | C22: 10.4 | D22: 20.8 | E22: 31.2

Sheet Прил 8
D1: Приложение 8
C2: к решению сессии Совета депутатов Адашевского сельского поселения "О бюджете Адашевского сельского поселения Кадошкинского муниципального района Республики Мордовия на 2021 год и на плановый период 2022 и 2023 годов"
A3: ПРОГРАММА МУНИЦИПАЛЬНЫХ ВНУТРЕННИХ ЗАИМСТВОВАНИЙ АДАШЕВСКОГО СЕЛЬСКОГО ПОСЕЛЕНИЯ КАДОШКИНСКОГО МУНИЦИПАЛЬНОГО РАЙОНА РЕСПУБЛИКИ МОРДОВИЯ НА 2021 ГОД И НА ПЛАНОВЫЙ ПЕРИОД 2022 И 2023 ГОДОВ
E6: (тыс.руб.)
A7: № п/п | B7: ВИДЫ ЗАИМСТВОВАНИЙ | C7: Сумма
C8: 2021 год | D8: 2022 год | E8: 2023 год
A9: 1 | B9: 2 | C9: 3 | D9: 4 | E9: 5
A10: I | B10: Кредиты кредитных организаций в валюте Российской Федерации | C10: =C12 -> 10.4 | D10: =D12 -> 20.8 | E10: =E12 -> 31.2
B11: в том числе:
A12: 1 | B12: Объем привлечения | C12: 10.4 | D12: 20.8 | E12: 31.2
A13: 2 | B13: Объем средств, напрвляемых на погашение основной суммы долга
A14: II | B14: Бюджетные кредиты от других бюджетов бюджетной системы Российской Федерации | C14: =C17 -> -10.4 | D14: =D17 -> -20.8 | E14: =E17 -> -31.2
B15: в том числе
A16: 1 | B16: Объем привлечения
A17: 2 | B17: Объем средств, напрвляемых на погашение основной суммы долга | C17: -10.4 | D17: -20.8 | E17: -31.2
B18: ВСЕГО | C18: =C12+C17 -> 0 | D18: =D12+D17 -> 0 | E18: =E12+E17 -> 0
